Workbook

Sheet RESUMEN  MV
A2: MUNICIPIO DE TAUSA
A3: SELECCIÓN ABREVIADA DE MENOR CUANTIA No. SAMC 001-2021
A4: ANEXO 4 - Oferta Económica
A6: RAMOS | B6: VALOR ASEGURADO | C6: TASA | E6: PRIMA | F6: IVA | G6: TOTAL
A7: DAÑOS MATERIALES COMBINADOS- TODO RIESGO
A8: INCENDIO
A9: EDIFICACIONES MUNICIPIO | B9: 11748932411 | C9: 1.78 | D9: %o | E9: =ROUND((B9*C9/1000)/365*$B$102,0) -> 15985630 | F9: =+ROUND(E9*19%,0) -> 3037270 | G9: =ROUND(E9+F9,0) -> 19022900
A10: BODEGA - ALMACEN | B10: 20000000 | C10: =+$C9 -> 1.78 | D10: %o | E10: =ROUND((B10*C10/1000)/365*$B$102,0) -> 27212 | F10: =+ROUND(E10*19%,0) -> 5170 | G10: =ROUND(E10+F10,0) -> 32382
A11: CONTENIDOS | B11: 87296029 | C11: =+$C10 -> 1.78 | D11: %o | E11: =ROUND((B11*C11/1000)/365*$B$102,0) -> 118775 | F11: =+ROUND(E11*19%,0) -> 22567 | G11: =ROUND(E11+F11,0) -> 141342
A12: EQUIPO MEDICO Y LABORATORIO | B12: 99527101 | C12: =+$C11 -> 1.78 | D12: %o | E12: =ROUND((B12*C12/1000)/365*$B$102,0) -> 135417 | F12: =+ROUND(E12*19%,0) -> 25729 | G12: =ROUND(E12+F12,0) -> 161146
A13: HERRAMIENTAS | B13: 17065927 | C13: =+$C12 -> 1.78 | D13: %o | E13: =ROUND((B13*C13/1000)/365*$B$102,0) -> 23220 | F13: =+ROUND(E13*19%,0) -> 4412 | G13: =ROUND(E13+F13,0) -> 27632
A14: EQUIPO DE OFICINA | B14: 7999598 | C14: =+$C13 -> 1.78 | D14: %o | E14: =ROUND((B14*C14/1000)/365*$B$102,0) -> 10884 | F14: =+ROUND(E14*19%,0) -> 2068 | G14: =ROUND(E14+F14,0) -> 12952
A15: LICENCIAS Y SOFTWARE | B15: 19449649 | C15: =+$C14 -> 1.78 | D15: %o | E15: =ROUND((B15*C15/1000)/365*$B$102,0) -> 26463 | F15: =+ROUND(E15*19%,0) -> 5028 | G15: =ROUND(E15+F15,0) -> 31491
A16: MAQUINARIA Y EQUIPO | B16: 164028299 | C16: =+$C15 -> 1.78 | D16: %o | E16: =ROUND((B16*C16/1000)/365*$B$102,0) -> 223177 | F16: =+ROUND(E16*19%,0) -> 42404 | G16: =ROUND(E16+F16,0) -> 265581
A17: MUEBLES Y ENSERES | B17: 82816945 | C17: =+$C16 -> 1.78 | D17: %o | E17: =ROUND((B17*C17/1000)/365*$B$102,0) -> 112681 | F17: =+ROUND(E17*19%,0) -> 21409 | G17: =ROUND(E17+F17,0) -> 134090
A18: INSTALACIONES ELECTRICAS Y REDES | B18: 20000000 | C18: =+$C17 -> 1.78 | D18: %o | E18: =ROUND((B18*C18/1000)/365*$B$102,0) -> 27212 | F18: =+ROUND(E18*19%,0) -> 5170 | G18: =ROUND(E18+F18,0) -> 32382
A19: DINEROS DENTRO Y FUERA DE CAJA FUERTE | B19: 2000000 | C19: =+$C18 -> 1.78 | D19: %o | E19: =ROUND((B19*C19/1000)/365*$B$102,0) -> 2721 | F19: =+ROUND(E19*19%,0) -> 517 | G19: =ROUND(E19+F19,0) -> 3238
A20: VEHICULOS EN REPOSO | B20: 36300000 | C20: =+$C19 -> 1.78 | D20: %o | E20: =ROUND((B20*C20/1000)/365*$B$102,0) -> 49390 | F20: =+ROUND(E20*19%,0) -> 9384 | G20: =ROUND(E20+F20,0) -> 58774
A21: NORMA DE SISMORESISTENTA | B21: 500000000 | C21: =+$C20 -> 1.78 | D21: %o | E21: =ROUND((B21*C21/1000)/365*$B$102,0) -> 680301 | F21: =+ROUND(E21*19%,0) -> 129257 | G21: =ROUND(E21+F21,0) -> 809558
A22: TERRENOS | B22: 500000000 | C22: =+$C21 -> 1.78 | D22: %o | E22: =ROUND((B22*C22/1000)/365*$B$102,0) -> 680301 | F22: =+ROUND(E22*19%,0) -> 129257 | G22: =ROUND(E22+F22,0) -> 809558
A23: SUB TOTAL INCENDIO | B23: =SUM(B9:B22) -> 13305415959 | E23: =SUM(E9:E22) -> 18103384 | F23: =SUM(F9:F22) -> 3439642 | G23: =SUM(G9:G22) -> 21543026
A25: EQUIPO ELECTRICO Y ELECTRONICO- CORRIENTE DEBIL
A26: EQUIPO DE PROCESAMIENTO DE DATOS | B26: 140542175 | C26: 4 | D26: %o | E26: =ROUND((B26*C26/1000)/365*$B$102,0) -> 429713 | F26: =+ROUND(E26*19%,0) -> 81645 | G26: =ROUND(E26+F26,0) -> 511358
A27: EQUIPOS ELETRICO Y ELECTRONICO | B27: 155354954 | C27: =+$C$26 -> 4 | D27: %o | E27: =ROUND((B27*C27/1000)/365*$B$102,0) -> 475003 | F27: =+ROUND(E27*19%,0) -> 90251 | G27: =ROUND(E27+F27,0) -> 565254
A28: EQUIPO MEDICO Y LABORATORIO | B28: 70344580 | C28: =+$C$26 -> 4 | D28: %o | E28: =ROUND((B28*C28/1000)/365*$B$102,0) -> 215081 | F28: =+ROUND(E28*19%,0) -> 40865 | G28: =ROUND(E28+F28,0) -> 255946
A29: EQUIPOS DE COMUNICACIÓN | B29: 281439098 | C29: =+$C$26 -> 4 | D29: %o | E29: =ROUND((B29*C29/1000)/365*$B$102,0) -> 860510 | F29: =+ROUND(E29*19%,0) -> 163497 | G29: =ROUND(E29+F29,0) -> 1024007
A30: CIRCUITO CERRADO DE TV | B30: 250856651 | C30: =+$C$26 -> 4 | D30: %o | E30: =ROUND((B30*C30/1000)/365*$B$102,0) -> 767003 | F30: =+ROUND(E30*19%,0) -> 145731 | G30: =ROUND(E30+F30,0) -> 912734
A31: EQUIPO MOVILES Y PORTATILES | B31: 139239992 | C31: 6 | D31: %o | E31: =ROUND((B31*C31/1000)/365*$B$102,0) -> 638597 | F31: =+ROUND(E31*19%,0) -> 121333 | G31: =ROUND(E31+F31,0) -> 759930
A32: SUB TOTAL EQUIPO ELÉCTRICO Y ELECTRÓNICO | B32: =SUM(B26:B31) -> 1037777450 | E32: =SUM(E26:E31) -> 3385907 | F32: =SUM(F26:F31) -> 643322 | G32: =SUM(G26:G31) -> 4029229
A34: SUSTRACCION
A35: =A10 -> BODEGA - ALMACEN | B35: =B10 -> 20000000 | C35: 0.4 | D35: % | E35: =ROUND((B35*C35/100)/365*$B$102,0) -> 61151 | F35: =+ROUND(E35*19%,0) -> 11619 | G35: =ROUND(E35+F35,0) -> 72770
A36: =A11 -> CONTENIDOS | B36: =B11 -> 87296029 | C36: =+$C$35 -> 0.4 | D36: % | E36: =ROUND((B36*C36/100)/365*$B$102,0) -> 266911 | F36: =+ROUND(E36*19%,0) -> 50713 | G36: =ROUND(E36+F36,0) -> 317624
A37: =A12 -> EQUIPO MEDICO Y LABORATORIO | B37: =B12 -> 99527101 | C37: =+$C$35 -> 0.4 | D37: % | E37: =ROUND((B37*C37/100)/365*$B$102,0) -> 304308 | F37: =+ROUND(E37*19%,0) -> 57819 | G37: =ROUND(E37+F37,0) -> 362127
A38: =A13 -> HERRAMIENTAS | B38: =B13 -> 17065927 | C38: =+$C$35 -> 0.4 | D38: % | E38: =ROUND((B38*C38/100)/365*$B$102,0) -> 52180 | F38: =+ROUND(E38*19%,0) -> 9914 | G38: =ROUND(E38+F38,0) -> 62094
A39: =A14 -> EQUIPO DE OFICINA | B39: =B14 -> 7999598 | C39: =+$C$35 -> 0.4 | D39: % | E39: =ROUND((B39*C39/100)/365*$B$102,0) -> 24459 | F39: =+ROUND(E39*19%,0) -> 4647 | G39: =ROUND(E39+F39,0) -> 29106
A40: =A15 -> LICENCIAS Y SOFTWARE | B40: =B15 -> 19449649 | C40: =+$C$35 -> 0.4 | D40: % | E40: =ROUND((B40*C40/100)/365*$B$102,0) -> 59468 | F40: =+ROUND(E40*19%,0) -> 11299 | G40: =ROUND(E40+F40,0) -> 70767
A41: =A16 -> MAQUINARIA Y EQUIPO | B41: =B16 -> 164028299 | C41: =+$C$35 -> 0.4 | D41: % | E41: =ROUND((B41*C41/100)/365*$B$102,0) -> 501522 | F41: =+ROUND(E41*19%,0) -> 95289 | G41: =ROUND(E41+F41,0) -> 596811
A42: =A17 -> MUEBLES Y ENSERES | B42: =B17 -> 82816945 | C42: =+$C$35 -> 0.4 | D42: % | E42: =ROUND((B42*C42/100)/365*$B$102,0) -> 253216 | F42: =+ROUND(E42*19%,0) -> 48111 | G42: =ROUND(E42+F42,0) -> 301327
A43: =A18 -> INSTALACIONES ELECTRICAS Y REDES | B43: =B18 -> 20000000 | C43: =+$C$35 -> 0.4 | D43: % | E43: =ROUND((B43*C43/100)/365*$B$102,0) -> 61151 | F43: =+ROUND(E43*19%,0) -> 11619 | G43: =ROUND(E43+F43,0) -> 72770
A44: =A19 -> DINEROS DENTRO Y FUERA DE CAJA FUERTE | B44: =B19 -> 2000000 | C44: 1.0433613 | D44: % | E44: =ROUND((B44*C44/100)/365*$B$102,0) -> 15951 | F44: =+ROUND(E44*19%,0) -> 3031 | G44: =ROUND(E44+F44,0) -> 18982
A45: =A20 -> VEHICULOS EN REPOSO | B45: =B20 -> 36300000 | C45: =+$C$35 -> 0.4 | D45: % | E45: =ROUND((B45*C45/100)/365*$B$102,0) -> 110988 | F45: =+ROUND(E45*19%,0) -> 21088 | G45: =ROUND(E45+F45,0) -> 132076
A46: SUB TOTAL SUSTRACCION | B46: =SUM(B35:B45) -> 556483548 | E46: =SUM(E35:E45) -> 1711305 | F46: =SUM(F35:F45) -> 325149 | G46: =SUM(G35:G45) -> 2036454
A47: SUSTRACCION TODO RIESGO
A48: INSTRUMENTOS MUSICALES (29.453.950), BICICLETAS (250.000) Y OTROS EQUIPOS ( 30.369.107) | B48: 60073750 | C48: 2 | D48: % | E48: =ROUND((B48*C48/100)/365*$B$102,0) -> 918388 | F48: =+ROUND(E48*19%,0) -> 174494 | G48: =ROUND(E48+F48,0) -> 1092882
A49: SUB TOTAL SUSTRACCION TODO RIESGO | B49: =B48 -> 60073750 | E49: =SUM(E48) -> 918388 | F49: =SUM(F48) -> 174494 | G49: =SUM(G48) -> 1092882
A50: TOTAL SUSTRACCION Y SUSTRACCION TODO RIESGO | B50: =B46+B48 -> 616557298 | E50: =+ROUND(E49+E46,0) -> 2629693 | F50: =+ROUND(F49+F46,0) -> 499643 | G50: =+ROUND(G49+G46,0) -> 3129336
A52: ROTURA DE MAQUINARIA
A53: =A16 -> MAQUINARIA Y EQUIPO | B53: =B16 -> 164028299 | C53: 2 | D53: %o | E53: =ROUND((B53*C53/1000)/365*$B$102,0) -> 250761 | F53: =+ROUND(E53*19%,0) -> 47645 | G53: =ROUND(E53+F53,0) -> 298406
A54: SUB TOTAL ROTURA DE MAQUINARIA | B54: =SUM(B53:B53) -> 164028299 | E54: =SUM(E53) -> 250761 | F54: =SUM(F53) -> 47645 | G54: =SUM(G53) -> 298406
A56: TOTAL DAÑOS MATERIALES | B56: =B23+B32+B49 -> 14403267159 | E56: =+ROUND(E23+E32+E50+E54,0) -> 24369745 | F56: =+ROUND(F23+F32+F50+F54,0) -> 4630252 | G56: =+ROUND(G23+G32+G50+G54,0) -> 28999997
A58: TODO RIESGO EQUIPO Y MAQUINARIA
A59: OFERTA BASICA | B59: 1035698741 | C59: 4 | D59: %o | E59: =ROUND((B59*C59/1000)/365*$B$102,0) -> 3166684 | F59: =+ROUND(E59*19%,0) -> 601670 | G59: =ROUND(E59+F59,0) -> 3768354
A60: TOTAL TODO RIESGO EQUIPO Y MAQUINARIA | B60: =B59 -> 1035698741 | E60: =SUM(E59) -> 3166684 | F60: =SUM(F59) -> 601670 | G60: =SUM(G59) -> 3768354
A62: SEGURO DE MANEJO GLOBAL
A63: OFERTA BASICA | B63: 100000000 | C63: 5.98 | D63: % | E63: =ROUND((B63*C63/100)/365*$B$102,0) -> 4571014 | F63: =+ROUND(E63*19%,0) -> 868493 | G63: =ROUND(E63+F63,0) -> 5439507
A64: TOTAL SEGURO DE MANEJO GLOBAL | B64: =B63 -> 100000000 | E64: =SUM(E63) -> 4571014 | F64: =SUM(F63) -> 868493 | G64: =SUM(G63) -> 5439507
A66: RESPONSABILIDAD CIVIL EXTRACONTRACTUAL
A67: OFERTA BASICA | B67: 100000000 | C67: 0.2 | D67: %o | E67: =ROUND((B67*C67/100)/365*$B$102,0) -> 152877 | F67: =+ROUND(E67*19%,0) -> 29047 | G67: =ROUND(E67+F67,0) -> 181924
A68: TOTAL RESPONSABILIDAD CIVIL EXTRACONTRACTUAL | B68: =B67 -> 100000000 | E68: =SUM(E67) -> 152877 | F68: =SUM(F67) -> 29047 | G68: =SUM(G67) -> 181924
A70: SEGURO DE AUTOMOVILES
A71: VEHICULOS | B71: 1001360000 | C71: 3.3 | D71: %o | E71: =ROUND((B71*C71/100)/365*$B$102,0) -> 25258963 | F71: =+ROUND(E71*19%,0) -> 4799203 | G71: =ROUND(E71+F71,0) -> 30058166
A72: TOTAL SEGURO DE AUTOMOVILES | B72: =SUM(B71:B71) -> 1001360000 | E72: =SUM(E71) -> 25258963 | F72: =SUM(F71) -> 4799203 | G72: =SUM(G71) -> 30058166
A74: RESPONSABILIDAD CIVIL SERVIDORES PUBLICOS
A75: OFERTA BASICA (EVENTO / VIGENCIA) | B75: 200000000 | C75: 3.06 | D75: %o | E75: =ROUND((B75*C75/100)/365*$B$102,0) -> 4678027 | F75: =+ROUND(E75*19%,0) -> 888825 | G75: =ROUND(E75+F75,0) -> 5566852
A76: TOTAL RESPONSABILIDAD CIVIL SERVIDORES PUBLICOS | B76: =B75 -> 200000000 | E76: =SUM(E75) -> 4678027 | F76: =SUM(F75) -> 888825 | G76: =SUM(G75) -> 5566852
A78: ACCIDENTES PERSONALES
A79: OFERTA BASICA | B79: 100 SMMLV | E79: =2660000/365*$B$102 -> 2033260.3 | G79: =+E79 -> 2033260.3
A80: SEGÚN RELACION
A81: TOTAL ACCIDENTES PERSONALES | E81: =SUM(E79:E80) -> 2033260.3 | F81: =SUM(F79:F80) -> 0 | G81: =SUM(G79:G80) -> 2033260.3
A82: BOLSA DE INCLUSIONES Y/O MODIFICACIONES Y/O EXPEDICION DE POLIZAS DE CUMPLIMIENTO POR CONCEPTO DE CONVENIOS Y/O CONTRATOS INTERADMINISTRATIVOS QUE CELEBRE EL MUNICIPIO | B82: 3000000 | E82: =3000000/1.19 -> 2521008.4 | F82: =+ROUND(E82*19%,0) -> 478992 | G82: =ROUND(E82+F82,0) -> 3000000
A84: SOAT
A85: OFERTA BASICA | B85: LEY | E85: =+#REF! -> #REF! | G85: =+E85+F85 -> #REF!
A86: SOAT VIGENCIA 2021 - 2022
A87: TOTAL SOAT | E87: =SUM(E85:E86) -> #REF! | F87: =SUM(F85:F86) -> 0 | G87: =SUM(G85:G86) -> #REF!
A89: VIDA GRUPO
A90: COSTO SEGURO ALCALDE | B90: 85232800 | E90: =3665000/365*$B$102 -> 2801465.8 | G90: =+E90+F90 -> 2801465.8
A91: COSTO SEGURO PERSONERO | B91: =B90 -> 85232800
A92: COSTO SEGURO 9 CONCEJALES | B92: =B91*9 -> 767095200
A93: TOTAL VALOR ASEGURADO | B93: =SUM(B90:B92) -> 937560800
A94: TOTAL VIDA GRUPO | B94: =B93 -> 937560800
A96: TOTAL | E96: =+E56+E60+E63+E67+E71+E75+E79+E82+E85+E86+E90+E91+E92+E93 -> #REF! | F96: =+F56+F60+F63+F67+F71+F75+F79+F82+F85+F86+F90+F91+F92+F93 -> 12296482 | G96: =+G56+G60+G63+G67+G71+G75+G79+G82+G85+G86+G90+G91+G92+G93 -> #REF!
A99: VIGENCIA 24:00 HORAS
A100: VIGENCIA DESDE | B100: 44256
A101: VIGENCIA HASTA | B101: 44535
A102: No. Dias | B102: =B101-B100 -> 279
A104: _______________________________________ RAFAEL ARMANDO RODRIGUEZ MENDEZ C.C. No. 80.421.019 de Bogotá D.C. Representante Legal La Previsora S.A. Compañía de Seguros – Sucursal Estatal.l

Sheet RESUMEN 
A2: MUNICIPIO DE TAUSA
A3: SELECCIÓN ABREVIADA DE MENOR CUANTIA No. SAMC 001-2021
A4: ANEXO 4 - Oferta Económica
A6: RAMOS | B6: VALOR ASEGURADO | C6: TASA | E6: PRIMA | F6: IVA | G6: TOTAL
A7: DAÑOS MATERIALES COMBINADOS- TODO RIESGO
A8: INCENDIO
A9: EDIFICACIONES MUNICIPIO | B9: 11748932411 | C9: 1.78 | D9: %o | E9: =ROUND((B9*C9/1000)/365*$B$102,0) -> 15355372 | F9: =+ROUND(E9*19%,0) -> 2917521 | G9: =ROUND(E9+F9,0) -> 18272893
A10: BODEGA - ALMACEN | B10: 20000000 | C10: =+$C9 -> 1.78 | D10: %o | E10: =ROUND((B10*C10/1000)/365*$B$102,0) -> 26139 | F10: =+ROUND(E10*19%,0) -> 4966 | G10: =ROUND(E10+F10,0) -> 31105
A11: CONTENIDOS | B11: 87296029 | C11: =+$C10 -> 1.78 | D11: %o | E11: =ROUND((B11*C11/1000)/365*$B$102,0) -> 114092 | F11: =+ROUND(E11*19%,0) -> 21677 | G11: =ROUND(E11+F11,0) -> 135769
A12: EQUIPO MEDICO Y LABORATORIO | B12: 99527101 | C12: =+$C11 -> 1.78 | D12: %o | E12: =ROUND((B12*C12/1000)/365*$B$102,0) -> 130078 | F12: =+ROUND(E12*19%,0) -> 24715 | G12: =ROUND(E12+F12,0) -> 154793
A13: HERRAMIENTAS | B13: 17065927 | C13: =+$C12 -> 1.78 | D13: %o | E13: =ROUND((B13*C13/1000)/365*$B$102,0) -> 22304 | F13: =+ROUND(E13*19%,0) -> 4238 | G13: =ROUND(E13+F13,0) -> 26542
A14: EQUIPO DE OFICINA | B14: 7999598 | C14: =+$C13 -> 1.78 | D14: %o | E14: =ROUND((B14*C14/1000)/365*$B$102,0) -> 10455 | F14: =+ROUND(E14*19%,0) -> 1986 | G14: =ROUND(E14+F14,0) -> 12441
A15: LICENCIAS Y SOFTWARE | B15: 19449649 | C15: =+$C14 -> 1.78 | D15: %o | E15: =ROUND((B15*C15/1000)/365*$B$102,0) -> 25420 | F15: =+ROUND(E15*19%,0) -> 4830 | G15: =ROUND(E15+F15,0) -> 30250
A16: MAQUINARIA Y EQUIPO | B16: 164028299 | C16: =+$C15 -> 1.78 | D16: %o | E16: =ROUND((B16*C16/1000)/365*$B$102,0) -> 214378 | F16: =+ROUND(E16*19%,0) -> 40732 | G16: =ROUND(E16+F16,0) -> 255110
A17: MUEBLES Y ENSERES | B17: 82816945 | C17: =+$C16 -> 1.78 | D17: %o | E17: =ROUND((B17*C17/1000)/365*$B$102,0) -> 108238 | F17: =+ROUND(E17*19%,0) -> 20565 | G17: =ROUND(E17+F17,0) -> 128803
A18: INSTALACIONES ELECTRICAS Y REDES | B18: 20000000 | C18: =+$C17 -> 1.78 | D18: %o | E18: =ROUND((B18*C18/1000)/365*$B$102,0) -> 26139 | F18: =+ROUND(E18*19%,0) -> 4966 | G18: =ROUND(E18+F18,0) -> 31105
A19: DINEROS DENTRO Y FUERA DE CAJA FUERTE | B19: 2000000 | C19: =+$C18 -> 1.78 | D19: %o | E19: =ROUND((B19*C19/1000)/365*$B$102,0) -> 2614 | F19: =+ROUND(E19*19%,0) -> 497 | G19: =ROUND(E19+F19,0) -> 3111
A20: VEHICULOS EN REPOSO | B20: 36300000 | C20: =+$C19 -> 1.78 | D20: %o | E20: =ROUND((B20*C20/1000)/365*$B$102,0) -> 47443 | F20: =+ROUND(E20*19%,0) -> 9014 | G20: =ROUND(E20+F20,0) -> 56457
A21: NORMA DE SISMORESISTENTA | B21: 500000000 | C21: =+$C20 -> 1.78 | D21: %o | E21: =ROUND((B21*C21/1000)/365*$B$102,0) -> 653479 | F21: =+ROUND(E21*19%,0) -> 124161 | G21: =ROUND(E21+F21,0) -> 777640
A22: TERRENOS | B22: 500000000 | C22: =+$C21 -> 1.78 | D22: %o | E22: =ROUND((B22*C22/1000)/365*$B$102,0) -> 653479 | F22: =+ROUND(E22*19%,0) -> 124161 | G22: =ROUND(E22+F22,0) -> 777640
A23: SUB TOTAL INCENDIO | B23: =SUM(B9:B22) -> 13305415959 | E23: =SUM(E9:E22) -> 17389630 | F23: =SUM(F9:F22) -> 3304029 | G23: =SUM(G9:G22) -> 20693659
A25: EQUIPO ELECTRICO Y ELECTRONICO- CORRIENTE DEBIL
A26: EQUIPO DE PROCESAMIENTO DE DATOS | B26: 140542175 | C26: 4 | D26: %o | E26: =ROUND((B26*C26/1000)/365*$B$102,0) -> 412770 | F26: =+ROUND(E26*19%,0) -> 78426 | G26: =ROUND(E26+F26,0) -> 491196
A27: EQUIPOS ELETRICO Y ELECTRONICO | B27: 155354954 | C27: =+$C$26 -> 4 | D27: %o | E27: =ROUND((B27*C27/1000)/365*$B$102,0) -> 456275 | F27: =+ROUND(E27*19%,0) -> 86692 | G27: =ROUND(E27+F27,0) -> 542967
A28: EQUIPO MEDICO Y LABORATORIO | B28: 70344580 | C28: =+$C$26 -> 4 | D28: %o | E28: =ROUND((B28*C28/1000)/365*$B$102,0) -> 206601 | F28: =+ROUND(E28*19%,0) -> 39254 | G28: =ROUND(E28+F28,0) -> 245855
A29: EQUIPOS DE COMUNICACIÓN | B29: 281439098 | C29: =+$C$26 -> 4 | D29: %o | E29: =ROUND((B29*C29/1000)/365*$B$102,0) -> 826583 | F29: =+ROUND(E29*19%,0) -> 157051 | G29: =ROUND(E29+F29,0) -> 983634
A30: CIRCUITO CERRADO DE TV | B30: 250856651 | C30: =+$C$26 -> 4 | D30: %o | E30: =ROUND((B30*C30/1000)/365*$B$102,0) -> 736763 | F30: =+ROUND(E30*19%,0) -> 139985 | G30: =ROUND(E30+F30,0) -> 876748
A31: EQUIPO MOVILES Y PORTATILES | B31: 139239992 | C31: 6 | D31: %o | E31: =ROUND((B31*C31/1000)/365*$B$102,0) -> 613419 | F31: =+ROUND(E31*19%,0) -> 116550 | G31: =ROUND(E31+F31,0) -> 729969
A32: SUB TOTAL EQUIPO ELÉCTRICO Y ELECTRÓNICO | B32: =SUM(B26:B31) -> 1037777450 | E32: =SUM(E26:E31) -> 3252411 | F32: =SUM(F26:F31) -> 617958 | G32: =SUM(G26:G31) -> 3870369
A34: SUSTRACCION
A35: =A10 -> BODEGA - ALMACEN | B35: =B10 -> 20000000 | C35: 0.4 | D35: % | E35: =ROUND((B35*C35/100)/365*$B$102,0) -> 58740 | F35: =+ROUND(E35*19%,0) -> 11161 | G35: =ROUND(E35+F35,0) -> 69901
A36: =A11 -> CONTENIDOS | B36: =B11 -> 87296029 | C36: =+$C$35 -> 0.4 | D36: % | E36: =ROUND((B36*C36/100)/365*$B$102,0) -> 256387 | F36: =+ROUND(E36*19%,0) -> 48714 | G36: =ROUND(E36+F36,0) -> 305101
A37: =A12 -> EQUIPO MEDICO Y LABORATORIO | B37: =B12 -> 99527101 | C37: =+$C$35 -> 0.4 | D37: % | E37: =ROUND((B37*C37/100)/365*$B$102,0) -> 292310 | F37: =+ROUND(E37*19%,0) -> 55539 | G37: =ROUND(E37+F37,0) -> 347849
A38: =A13 -> HERRAMIENTAS | B38: =B13 -> 17065927 | C38: =+$C$35 -> 0.4 | D38: % | E38: =ROUND((B38*C38/100)/365*$B$102,0) -> 50122 | F38: =+ROUND(E38*19%,0) -> 9523 | G38: =ROUND(E38+F38,0) -> 59645
A39: =A14 -> EQUIPO DE OFICINA | B39: =B14 -> 7999598 | C39: =+$C$35 -> 0.4 | D39: % | E39: =ROUND((B39*C39/100)/365*$B$102,0) -> 23495 | F39: =+ROUND(E39*19%,0) -> 4464 | G39: =ROUND(E39+F39,0) -> 27959
A40: =A15 -> LICENCIAS Y SOFTWARE | B40: =B15 -> 19449649 | C40: =+$C$35 -> 0.4 | D40: % | E40: =ROUND((B40*C40/100)/365*$B$102,0) -> 57123 | F40: =+ROUND(E40*19%,0) -> 10853 | G40: =ROUND(E40+F40,0) -> 67976
A41: =A16 -> MAQUINARIA Y EQUIPO | B41: =B16 -> 164028299 | C41: =+$C$35 -> 0.4 | D41: % | E41: =ROUND((B41*C41/100)/365*$B$102,0) -> 481749 | F41: =+ROUND(E41*19%,0) -> 91532 | G41: =ROUND(E41+F41,0) -> 573281
A42: =A17 -> MUEBLES Y ENSERES | B42: =B17 -> 82816945 | C42: =+$C$35 -> 0.4 | D42: % | E42: =ROUND((B42*C42/100)/365*$B$102,0) -> 243232 | F42: =+ROUND(E42*19%,0) -> 46214 | G42: =ROUND(E42+F42,0) -> 289446
A43: =A18 -> INSTALACIONES ELECTRICAS Y REDES | B43: =B18 -> 20000000 | C43: =+$C$35 -> 0.4 | D43: % | E43: =ROUND((B43*C43/100)/365*$B$102,0) -> 58740 | F43: =+ROUND(E43*19%,0) -> 11161 | G43: =ROUND(E43+F43,0) -> 69901
A44: =A19 -> DINEROS DENTRO Y FUERA DE CAJA FUERTE | B44: =B19 -> 2000000 | C44: 1.0433613 | D44: % | E44: =ROUND((B44*C44/100)/365*$B$102,0) -> 15322 | F44: =+ROUND(E44*19%,0) -> 2911 | G44: =ROUND(E44+F44,0) -> 18233
A45: =A20 -> VEHICULOS EN REPOSO | B45: =B20 -> 36300000 | C45: =+$C$35 -> 0.4 | D45: % | E45: =ROUND((B45*C45/100)/365*$B$102,0) -> 106613 | F45: =+ROUND(E45*19%,0) -> 20256 | G45: =ROUND(E45+F45,0) -> 126869
A46: SUB TOTAL SUSTRACCION | B46: =SUM(B35:B45) -> 556483548 | E46: =SUM(E35:E45) -> 1643833 | F46: =SUM(F35:F45) -> 312328 | G46: =SUM(G35:G45) -> 1956161
A47: SUSTRACCION TODO RIESGO
A48: INSTRUMENTOS MUSICALES (29.453.950), BICICLETAS (250.000) Y OTROS EQUIPOS ( 30.369.107) | B48: 60073750 | C48: 2 | D48: % | E48: =ROUND((B48*C48/100)/365*$B$102,0) -> 882179 | F48: =+ROUND(E48*19%,0) -> 167614 | G48: =ROUND(E48+F48,0) -> 1049793
A49: SUB TOTAL SUSTRACCION TODO RIESGO | B49: =B48 -> 60073750 | E49: =SUM(E48) -> 882179 | F49: =SUM(F48) -> 167614 | G49: =SUM(G48) -> 1049793
A50: TOTAL SUSTRACCION Y SUSTRACCION TODO RIESGO | B50: =B46+B48 -> 616557298 | E50: =+ROUND(E49+E46,0) -> 2526012 | F50: =+ROUND(F49+F46,0) -> 479942 | G50: =+ROUND(G49+G46,0) -> 3005954
A52: ROTURA DE MAQUINARIA
A53: =A16 -> MAQUINARIA Y EQUIPO | B53: =B16 -> 164028299 | C53: 2 | D53: %o | E53: =ROUND((B53*C53/1000)/365*$B$102,0) -> 240874 | F53: =+ROUND(E53*19%,0) -> 45766 | G53: =ROUND(E53+F53,0) -> 286640
A54: SUB TOTAL ROTURA DE MAQUINARIA | B54: =SUM(B53:B53) -> 164028299 | E54: =SUM(E53) -> 240874 | F54: =SUM(F53) -> 45766 | G54: =SUM(G53) -> 286640
A56: TOTAL DAÑOS MATERIALES | B56: =B23+B32+B49 -> 14403267159 | E56: =+ROUND(E23+E32+E50+E54,0) -> 23408927 | F56: =+ROUND(F23+F32+F50+F54,0) -> 4447695 | G56: =+ROUND(G23+G32+G50+G54,0) -> 27856622
A58: TODO RIESGO EQUIPO Y MAQUINARIA
A59: OFERTA BASICA | B59: 1035698741 | C59: 4 | D59: %o | E59: =ROUND((B59*C59/1000)/365*$B$102,0) -> 3041833 | F59: =+ROUND(E59*19%,0) -> 577948 | G59: =ROUND(E59+F59,0) -> 3619781
A60: TOTAL TODO RIESGO EQUIPO Y MAQUINARIA | B60: =B59 -> 1035698741 | E60: =SUM(E59) -> 3041833 | F60: =SUM(F59) -> 577948 | G60: =SUM(G59) -> 3619781
A62: SEGURO DE MANEJO GLOBAL
A63: OFERTA BASICA | B63: 100000000 | C63: 5.98 | D63: % | E63: =ROUND((B63*C63/100)/365*$B$102,0) -> 4390795 | F63: =+ROUND(E63*19%,0) -> 834251 | G63: =ROUND(E63+F63,0) -> 5225046
A64: TOTAL SEGURO DE MANEJO GLOBAL | B64: =B63 -> 100000000 | E64: =SUM(E63) -> 4390795 | F64: =SUM(F63) -> 834251 | G64: =SUM(G63) -> 5225046
A66: RESPONSABILIDAD CIVIL EXTRACONTRACTUAL
A67: OFERTA BASICA | B67: 100000000 | C67: 0.2 | D67: %o | E67: =ROUND((B67*C67/100)/365*$B$102,0) -> 146849 | F67: =+ROUND(E67*19%,0) -> 27901 | G67: =ROUND(E67+F67,0) -> 174750
A68: TOTAL RESPONSABILIDAD CIVIL EXTRACONTRACTUAL | B68: =B67 -> 100000000 | E68: =SUM(E67) -> 146849 | F68: =SUM(F67) -> 27901 | G68: =SUM(G67) -> 174750
A70: SEGURO DE AUTOMOVILES
A71: VEHICULOS | B71: 1001360000 | C71: 3.3 | D71: %o | E71: =ROUND((B71*C71/100)/365*$B$102,0) -> 24263090 | F71: =+ROUND(E71*19%,0) -> 4609987 | G71: =ROUND(E71+F71,0) -> 28873077
A72: TOTAL SEGURO DE AUTOMOVILES | B72: =SUM(B71:B71) -> 1001360000 | E72: =SUM(E71) -> 24263090 | F72: =SUM(F71) -> 4609987 | G72: =SUM(G71) -> 28873077
A74: RESPONSABILIDAD CIVIL SERVIDORES PUBLICOS
A75: OFERTA BASICA (EVENTO / VIGENCIA) | B75: 200000000 | C75: 3.06 | D75: %o | E75: =ROUND((B75*C75/100)/365*$B$102,0) -> 4493589 | F75: =+ROUND(E75*19%,0) -> 853782 | G75: =ROUND(E75+F75,0) -> 5347371
A76: TOTAL RESPONSABILIDAD CIVIL SERVIDORES PUBLICOS | B76: =B75 -> 200000000 | E76: =SUM(E75) -> 4493589 | F76: =SUM(F75) -> 853782 | G76: =SUM(G75) -> 5347371
A78: ACCIDENTES PERSONALES
A79: OFERTA BASICA | B79: 100 SMMLV | E79: =2660000/365*$B$102 -> 1953095.9 | G79: =+E79 -> 1953095.9
A80: SEGÚN RELACION
A81: TOTAL ACCIDENTES PERSONALES | E81: =SUM(E79:E80) -> 1953095.9 | F81: =SUM(F79:F80) -> 0 | G81: =SUM(G79:G80) -> 1953095.9
A82: BOLSA DE INCLUSIONES Y/O MODIFICACIONES Y/O EXPEDICION DE POLIZAS DE CUMPLIMIENTO POR CONCEPTO DE CONVENIOS Y/O CONTRATOS INTERADMINISTRATIVOS QUE CELEBRE EL MUNICIPIO | B82: 3000000 | E82: =3000000/1.19 -> 2521008.4 | F82: =+ROUND(E82*19%,0) -> 478992 | G82: =ROUND(E82+F82,0) -> 3000000
A84: SOAT
A85: OFERTA BASICA | B85: LEY | E85: =+#REF! -> #REF! | G85: =+E85+F85 -> #REF!
A86: SOAT VIGENCIA 2021 - 2022
A87: TOTAL SOAT | E87: =SUM(E85:E86) -> #REF! | F87: =SUM(F85:F86) -> 0 | G87: =SUM(G85:G86) -> #REF!
A89: VIDA GRUPO
A90: COSTO SEGURO ALCALDE | B90: 85232800 | E90: =3665000/365*$B$102 -> 2691013.7 | G90: =+E90+F90 -> 2691013.7
A91: COSTO SEGURO PERSONERO | B91: =B90 -> 85232800
A92: COSTO SEGURO 9 CONCEJALES | B92: =B91*9 -> 767095200
A93: TOTAL VALOR ASEGURADO | B93: =SUM(B90:B92) -> 937560800
A94: TOTAL VIDA GRUPO | B94: =B93 -> 937560800
A96: TOTAL | E96: =+E56+E60+E63+E67+E71+E75+E79+E82+E85+E86+E90+E91+E92+E93 -> #REF! | F96: =+F56+F60+F63+F67+F71+F75+F79+F82+F85+F86+F90+F91+F92+F93 -> 11830556 | G96: =+G56+G60+G63+G67+G71+G75+G79+G82+G85+G86+G90+G91+G92+G93 -> #REF!
A99: VIGENCIA 24:00 HORAS
A100: VIGENCIA DESDE | B100: 44256
A101: VIGENCIA HASTA | B101: 44524 | H101: 97638272 | I101: =+H101*95% -> 92756358
A102: No. Dias | B102: =B101-B100 -> 268
A104: _______________________________________ RAFAEL ARMANDO RODRIGUEZ MENDEZ C.C. No. 80.421.019 de Bogotá D.C. Representante Legal La Previsora S.A. Compañía de Seguros – Sucursal Estatal.l

Sheet DEDUCIBLES
A1: MUNICIPIO DE TAUSA
A3: OFERTA ECONOMICA - DEDUCIBLES
A5: SELECCIÓN ABREVIADA DE MENOR CUANTIA No. SAMC 001-2021
A7: INCENDIO
A8: Terremoto | B8: 2% del valor de la pérdida, mínimo 0 SMMLV
A9: HMACCP Y AMIT | B9: Sin deducible
A10: Demás eventos amparados: | B10: Sin deducible
A11: CORRIENTE DÉBIL
A12: Terremoto | B12: Sin deducible
A13: HMACCP Y AMIT | B13: Sin deducible
A14: Hurto y Hurto Calificado | B14: Sin deducible
A15: Demás amparos | B15: Sin deducible
A16: SUSTRACCIÓN
A17: Toda y cada perdida | B17: Sin deducible
A18: ROTURA DE MAQUINARIA
A19: Toda y cada perdida | B19: Sin deducible
A20: TODO RIESGO EQUIPO Y MAQUINARIA
A21: HMACCP Y AMIT | B21: Sin deducible
A22: Terremoto | B22: Sin deducible
A23: Responsabilidad Civil Extra. | B23: Sin deducible
A24: Hurto y Hurto Calificado | B24: Sin deducible
A25: Demás amparos | B25: Sin deducible
A26: SEGURO DE MANEJO
A27: Cajas Menores | B27: Sin deducible
A28: Demás perdidas | B28: Sin deducible
A29: Empleados no identificados | B29: Sin deducible
A30: RESPONSABILIDAD CIVIL EXTRACONTRACTUAL
A31: Gastos Médicos | B31: Sin deducible
A32: Gastos de Defensa | B32: Sin deducible
A33: RC Hurto de vehículos - parqueaderos | B33: Sin deducible
A34: Demás perdidas | B34: Sin deducible
A35: SEGURO DE AUTOMÓVILES
A36: Toda y Cada Pérdida | B36: Sin Deducible
A37: RESPONSABILIDAD CIVIL SERVIDORES PÚBLICOS
A38: Todos los amparos | B38: Sin Deducible
A39: ACCIDENTES PERSONALES PASAJEROS
A40: Todos los amparos | B40: Sin Deducible
A41: SEGURO OBLIGATORIO (SOAT)
A42: Todos los amparos | B42: Sin Deducible
A43: NOTA: Para pérdidas inferiores a $3.000.000 no hay aplicación de deducibles

Sheet RESUMEN
B2: MUNICIPIO DE TAUSA | F2: ,
B3: NIT. 89999481-9
B4: AMPAROS | C4: VR. ASEGURADO
B6: TODO RIESGO DAÑOS MATERIALES
B7: Edificaciones, sedes de gobierno, sedes Educativas y Otras Edificaciones | C7: =+'EDIFICIOS Y TERRENOS'!F67 -> 11768932411 | D7: =+C8+C15+C21+C29+C31 -> 6.5809438e+08
B8: Indice Variable | C8: =+C7*5% -> 5.8844662e+08
B9: Terrenos | C9: =+'EDIFICIOS Y TERRENOS'!F74 -> 1060000000
B10: Contenidos | C10: =+'CONTENIDOS - ENSERES - OTROS'!B7 -> 87296029 | D10: =+C10+C11 -> 170112974
B11: Muebles y enseres | C11: =+'CONTENIDOS - ENSERES - OTROS'!B13 -> 82816945
B12: Equipo medico y laboratorio | C12: =+'CONTENIDOS - ENSERES - OTROS'!B8 -> 99527101 | D12: =+C12+C26 -> 169871681
B13: Herramientas | C13: =+'CONTENIDOS - ENSERES - OTROS'!B9 -> 17065927
B14: Equipo de oficina | C14: =+'CONTENIDOS - ENSERES - OTROS'!B10 -> 7999598
B15: Indice Variable | C15: =+(C10+C12+C13+C14+C11)*5% -> 14735280
B16: Licencias y software | C16: =+'CONTENIDOS - ENSERES - OTROS'!B11 -> 19449649
B17: Maquinaria y Equipo (Rotura) | C17: =+'CONTENIDOS - ENSERES - OTROS'!B12 -> 164028299
B18: Instalaciones electricas y redes | C18: =+'CONTENIDOS - ENSERES - OTROS'!B14 -> 20000000 | D18: =+C18+C28 -> 270856651
B19: Dineros dentro y fuera de caja fuerte | C19: =+'CONTENIDOS - ENSERES - OTROS'!B15 -> 2000000
B20: Instrumentos musicales | C20: =+'CONTENIDOS - ENSERES - OTROS'!B16 -> 60073750
B21: Indice Variable | C21: =+C20*5% -> 3003687.5
B22: Vehículos en Reposo | C22: =+'VEHIC Y MAQUI. REPOSO'!D9 -> 97800000 | D22: =+C22+C23 -> 127900000
B23: Maquinaria en reposo | C23: =+'VEHIC Y MAQUI. REPOSO'!D17 -> 30100000
B24: Equipo de procesamiento de datos | C24: =+'EQ ELEC - DATOS -COM - PORTAT.'!B7 -> 140542175 | D24: =+C24+C25 -> 295897129
B25: Equipos eletrico y electronico | C25: =+'EQ ELEC - DATOS -COM - PORTAT.'!B8 -> 155354954
B26: Equipo medico y laboratorio | C26: =+'EQ ELEC - DATOS -COM - PORTAT.'!B9 -> 70344580
B27: Equipos de comunicación | C27: =+'EQ ELEC - DATOS -COM - PORTAT.'!B10 -> 281439098
B28: Circuito cerrado de tv | C28: =+'EQ ELEC - DATOS -COM - PORTAT.'!B11 -> 250856651
B29: Indice Variable | C29: =SUM(C24:C28)*5% -> 44926873
B30: Equipo moviles y portatiles | C30: =+'EQ ELEC - DATOS -COM - PORTAT.'!B12 -> 139638465
B31: Indice Variable | C31: =+C30*5% -> 6981923.2
B32: Adecuación a normas sismo Resistentes | C32: 500000000
B33: TOTAL ASEGURADO | C33: =SUM(C7:C32) -> 1.571336e+10
B34: TODO RIESGO CONTRATISTA - MAQUINARIA Y EQUIPO
B35: Equipo y Maquinaria- Agricola y amarilla | C35: =+'TR. MAQUINARIA Y EQUIPO'!C20 -> 2.958862e+09
B36: Indice Variable | C36: =+C35*5% -> 1.479431e+08
B37: TOTAL ASEGURADO | C37: =+C35+C36 -> 3.1068051e+09
B38: AUTOMOVILES
B39: Motocicletas | C39: =+AUTOMOVILES!E16 -> 67000000
B40: Otros Vehículos | C40: =+AUTOMOVILES!E26 -> 1451300000
B41: TOTAL ASEGURADO | C41: =SUM(C39:C40) -> 1518300000
B42: RESPONSABILIDAD CIVIL EXRANCONTRACTUAL
B43: Básico (P.L.O) | C43: =+RCE!B7 -> 150000000
B44: TOTAL ASEGURADO | C44: =C43 -> 150000000
B45: RESPONSABILIDAD CIVIL SERVIDORES PUBLICOS
B46: Limite Asegurado | C46: =+'RC SERV. PUBLICOS'!D6 -> 202000000
B47: TOTAL ASEGURADO | C47: =C46 -> 202000000
B48: MANEJO GLOBAL
B49: Manejo Global. | C49: =+MANEJO!D6 -> 100000000
B50: TOTAL ASEGURADO | C50: =C49 -> 100000000
B51: POLIZA DE SEGUROS DE ACCIDENTES PERSONALES PARA PASAJEROS Y/O RESPONSABILIDAD CIVIL CONTRACTUAL
B52: 2 Automotores | C52: 100 SMMLV
B53: TOTAL ASEGURADO | C53: =C52 -> 100 SMMLV
B54: SOAT
B55: 18 Vehiculos | C55: =+SOAT1!E13 -> 4597400
B56: GRUPO VIDA CONCEJALES
B57: Alcalde | C57: =+'VIDA GRUPO'!D7 -> 119219700 | D57: =+C57+C58+C59 -> 1311416700
B58: Personero | C58: =+'VIDA GRUPO'!D7 -> 119219700
B59: 9 Concejales | C59: =+C58*9 -> 1072977300
B60: TOTAL ALCALDE, PERSONERO Y CONCEJALES | C60: vrs
B61: OTRAS POLIZAS QUE EL MUNICIPIO ESTUVIERE OBLIGADO A ADQUIRIR, dentro de las que pueden incluirse cumplimiento, responsabilidad civil de convenios interad polizas de accidentes personales para personal a cargo del municipio durante competencias y/o salidas a que hubiere lugar. | C61: 5210941

Sheet EDIFICIOS Y TERRENOS
A1: MUNICIPIO DE TAUSA
A2: NIT. 899999481-9
A4: EDIFICACIONES
A6: Codigo Catastral | B6: Matricula Inmobiliaria | C6: Nombre de Inmueble | D6: Direccion | E6: Area Construida M2 | F6: VALOR
A7: 010000070004000 | B7: 172-84632 | C7: Casa Municipal | D7: Calle 2 No. 2-55 - Tausa | E7: 729 | F7: 379080000
A8: 010000080001000 | B8: ND | C8: Centro de Atención Integral a la Familia (CAIF) | D8: Calle 2 No. 3-05/13 - Tausa | E8: 328 | F8: 910000000
A9: 010000140001000 | B9: 10303040067264 | C9: Casa de la cultura | D9: Lote - Tausa | E9: 480 | F9: 240000000
A10: 010000140001000 | B10: 10303040067264 | C10: Polideportivo | D10: Casco Urbano -Tausa | E10: 1815 | F10: 961950000
A11: 000000010119000 | B11: 10401220105369 | C11: Matadero | D11: Casco urbano - Tausa | E11: 226 | F11: 106220000
A12: 000000010057000 | B12: 172-26136 | C12: Plaza de Ferias | D12: Casco Urbano - Predio Las juntas - Tausa | E12: 90 | F12: 285000000
A13: 000000010057000 | B13: 172-26136 | C13: Coso Municipal | D13: Casco Urbano - Predio Las juntas - Tausa | E13: 120 | F13: 56400000
A14: 000000010057000 | B14: 172-26136 | C14: Ludoteca Tecnológica | D14: Casco Urbano - Predio Las juntas - Tausa | E14: 164 | F14: 77080000
A15: 020000070005000 | B15: 172-7341 | C15: Casa Alta - Futura Casa de Cultura | D15: Tausa Vieja - Carrera 3 No. 2-13 - Tausa | E15: 317 | F15: 168010000
A16: 020000050008000 | B16: 10402980104274 | C16: Salon Comunal Tausa Vieja | D16: Calle 2 No. 4-80 - Tausa | E16: 340 | F16: 159800000
A17: 010000140005000 | B17: 172-33337 | C17: Biblioteca Pública Municipal de Tausa | D17: Urbanización San Alfonso - Tausa | E17: 460 | F17: 234600000
A18: 010000040001000 | B18: ND | C18: Colegio General Santander | D18: Calle 1A No. 6-29 - Tausa | E18: 911 | F18: 482830000
A19: 010000150001000 | B19: 10303040067264 | C19: Colegio Pío XII | D19: Calle 3 No. 2-20 - Tausa | E19: 697 | F19: 369410000
A20: 000000030250000 | B20: 172-53125 | C20: Escuela Rasgata Bajo | D20: Vereda Rasgata - Tausa | E20: 239 | F20: 103965000
A21: 000000030184000 | B21: 172-69993 | C21: Escuela Rasgata Alto | D21: Vereda Rasgata - Lote 2 - Tausa | E21: 525 | F21: 228375000
A22: 000000040080000 | B22: 10722080344961 | C22: Escuela Ladera Grande | D22: Vereda Ladera Grande - Tausa | E22: 404 | F22: 175740000
A23: 000000050139000 | B23: 172-38628 | C23: Escuela La Martina | D23: Vereda Pajarito - Tausa | E23: 678 | F23: 294930000
A24: 000000050139000 | B24: 172-38628 | C24: Hogar Primera Infancia | D24: Vereda Pajarito - Tausa | E24: 71 | F24: 30885000
A25: 000000050197000 | B25: ND | C25: Escuela El Chorrillo | D25: Vereda Chorrillo -Tausa | E25: 217 | F25: 94395000
A26: 000000060077000 | B26: ND | C26: Escuela Lagunitas | D26: Vereda Lagunitas -Tausa | E26: 659 | F26: 286665000
A27: 000000060243000 | B27: ND | C27: Escuela Páramo Bajo | D27: Vereda Páramo Bajo - Tausa | E27: 929 | F27: 404115000
A28: 000000060704000 | B28: ND | C28: Escuela Llano Grande | D28: Vereda Llano Grande -Tausa | E28: 336 | F28: 146160000
A29: 000000070061000 | B29: ND | C29: Escuela El Salitre | D29: Vereda Salitre -Tausa | E29: 356 | F29: 154860000
A30: 000000070092000 | B30: ND | C30: Escuela San Antonio | D30: Vereda San Antonio - Tausa | E30: 554 | F30: 240990000
A31: 000000080018000 | B31: ND | C31: Escuela Sabaneque | D31: Vereda Sabaneque -Tausa | E31: 256 | F31: 111360000
A32: 000000090091000 | B32: ND | C32: Escuela Páramo Alto | D32: Vereda Páramo Alto -Tausa | E32: 610 | F32: 265350000
A33: 000000090182000 | B33: ND | C33: Escuela los Pinos | D33: Vereda los Pinos - Tausa | E33: 154 | F33: 66990000
A34: 000000060325000 | B34: ND | C34: Escuela la Florida | D34: Vereda la Florida - Tausa | E34: 285 | F34: 123975000
... A51: Predio privado | B51: Predio privado | C51: Tanque almacenamiento de agua - Poveda | D51: Alto de Tausa - Tausa | E51: 65 | F51: 98650000
C52: Centro Integral de servicio de Salud | D52: Tausa | F52: 135538109
C53: Colegio Básico Päramo Bajo | D53: Vereda páramo Bajo- Tausa | F53: 195116200
C54: Escuela La Granja | D54: Vda La Granja- Tausa | F54: 8204400
C55: Colegio Básico San Antonio | D55: Vda San Antonio - Tausa | F55: 73682374
C56: IED San Antonio | D56: Vda San Antonio - Tausa | F56: 300000000
A57: 010000010003000 | B57: 172-1831 | C57: Estación de Bombeo Caseta Aguasal | D57: Calle 1A No. 3-95 - Tausa | E57: 85 | F57: 36820000
A58: SUBTOTAL | F58: =SUM(F7:F57) -> 11658707411
A59: 010000140001000 | B59: 10303040067264 | C59: Parque Infantil | D59: Costado de la Plaza de mercado Municipal -Tausa | E59: 30 | F59: 1050000
A60: 020000050008000 | B60: 10402980104274 | C60: Parque Infantil y Biosaludable | D60: Pueblo viejo - Tausa | E60: 40 | F60: 15200000
A61: ND | B61: ND | C61: Parque Infantil | D61: calle 3 con carrera 3 Esquina - Tausa | E61: 30 | F61: 19500000
A62: Predio privado | B62: Predio privado | C62: Parque Infantil y Biosaludable | D62: Dentro de terreno del estadio municipal -Tausa | E62: 35 | F62: 11200000
A63: ND | B63: ND | C63: Parque Central | D63: Costado oriental de la Calle 2 entre Carrera 2 y Carrera 3 - Tausa | E63: 500 | F63: 12500000
A64: 10000030008000 | C64: Construcción Centro Dia | D64: Karrera 15 1 - 21 -Tausa | F64: 30775000
A65: Bodega | B65: Almacén | F65: 20000000
A66: SUBTOTAL | F66: =SUM(F59:F65) -> 110225000
A67: TOTAL EDIFICACIONES | F67: =+F58+F66 -> 11768932411
A69: INDICE VARIABLE EDIFICIOS 5% | F69: =+F67*5% -> 5.8844662e+08
A70: TERRENOS
A72: OTROS TERRENOS | F72: 500000000
A73: Terreno Rural | B73: 172-39187 | C73: código catastral 00-00-00-00-0006-0406-0-00-00-0000 | D73: Vereda Paramo Bajo - Tausa | F73: 560000000
A74: TOTAL TERRENOS | F74: =+F72+F73 -> 1060000000

Sheet CONTENIDOS - ENSERES - OTROS
A1: MUNICIPIO DE TAUSA
A2: NIT. 899999481-9
A4: OTROS BIENES
A6: DESCRIPCION | B6: VALOR
A7: CONTENIDOS | B7: 87296029
A8: EQUIPO MEDICO Y LABORATORIO | B8: 99527101
A9: HERRAMIENTAS | B9: 17065927
A10: EQUIPO DE OFICINA | B10: 7999598
A11: LICENCIAS Y SOFTWARE | B11: 19449649
A12: MAQUINARIA Y EQUIPO | B12: 164028299
A13: MUEBLES Y ENSERES | B13: 82816945 | C13: =+B13+B7 -> 170112974
A14: INSTALACIONES ELECTRICAS Y REDES | B14: 20000000
A15: DINEROS DENTRO Y FUERA DE CAJA FUERTE | B15: 2000000
A16: INSTRUMENTOS MUSICALES | B16: 60073750

Sheet VEHIC Y MAQUI. REPOSO
A1: MUNICIPIO DE TAUSA
A2: NIT. 899999481-9
A4: VEHICULOS EN REPOSO
A6: PLACA | B6: VEHICULOS EN REPOSO | C6: COD. FASECOLDA | D6: VALOR ASEGURADO
A7: OJF581 | B7: VOLQUETA CHEVROLET C70 149 CC. 8200 PLATON CARRO TANQUE MOD. 1993 CAPAC. 7000 PLACA OJF581 BENEFICIARIO GOBERNACION DE CUNDINAMARCA - MOTOR: MCO8123L86 - CHASIS: CMCO8123 | C7: 01626002 | D7: 28600000
A8: OFT011 | B8: BUS CHEVROLET B70 34 PASAJ. CC. 7200DIESEL MOD. 1998 | C8: 01603023 | D8: 69200000
A9: TOTAL VEHICULOS EN REPOSO | D9: =SUM(D7:D8) -> 97800000
A12: MAQUINARIA EN REPOSO
A14: MAQUINARIA | B14: DESCRIPCION | D14: VALOR
A15: ARADO | B15: ARADO CINCEL Marca Inamec S/N 10318 color rojo | D15: 26100000
A16: REMOLQUE | B16: REMOLQUE Estructura en hierro de 4 llantas | D16: 4000000
A17: TOTAL MAQUINARIA EN REPOSO | D17: =SUM(D15:D16) -> 30100000
A20: TOTAL VEHICULOS Y MAQUINARIA EN REPOSO | D20: =+D9+D17 -> 127900000

Sheet EQ ELEC - DATOS -COM - PORTAT.
A1: MUNICIPIO DE TAUSA
A2: NIT. 899999481-9
A4: EQUIPOS
A6: DESCRIPCION | B6: VALOR
A7: EQUIPO DE PROCESAMIENTO DE DATOS | B7: 140542175 | C7: =+B7+B8+B10+B11 -> 828192878
A8: EQUIPOS ELETRICO Y ELECTRONICO | B8: 155354954
A9: EQUIPO MEDICO Y LABORATORIO | B9: 70344580 | C9: =+B9+'CONTENIDOS - ENSERES - OTROS'!B8 -> 169871681
A10: EQUIPOS DE COMUNICACIÓN | B10: 281439098
A11: CIRCUITO CERRADO DE TV | B11: 250856651
A12: EQUIPO MOVILES Y PORTATILES | B12: =139239992+398473 -> 139638465
A13: TOTAL | B13: =SUM(B7:B12) -> 1038175923
A15: INDICE VARIABLE 5% | B15: =+B13*5% -> 51908796 | C15: CON COBRO DE PRIMA ADICIONAL

Sheet TR. MAQUINARIA Y EQUIPO
A1: MUNICIPIO DE TAUSA
A2: NIT. 899999481-9
A4: TODO RIESGO MAQUINARIA Y EQUIPO
A6: MAQUINARIA | B6: DESCRIPCION | C6: relacion pdf
A7: MOTONIVELADORA | B7: MOTONIVELADORA Marca FIAT ALLIS 10Y00136FJ140 Motor 8023409 | C7: 520000000
A8: MOTONIVELADORA | B8: MOTONIVELADORA CATERPILLAR modelo 120articular con motor cat c7.1 rango de potencia neta de 125-56hp, cerrada, aire acondicionado marca caterpilllar modelo 120 | C8: 653266699
A9: RETROEXCAVADORA | B9: RETROEXCAVADORA Marca CASE 580 Super E Modelo 2006 Diésel, SERIE N6C400497 TIPO DE MOTOR CUMMINS CASE 4T-390 | C9: 400000000
A10: RETROEXCAVADORA | B10: RETROEXCAVADORA Marca CATERPILLAR color amarillo MODELO 416E2015 motor G4D54934 chasis CAT0416epmfg14161 | C10: 400000000
A11: VIBROCOMPACTADOR | B11: VIBROCOMPACTADOR Marca CASE modelo SV2008 9 toneladas DDD0002059 | C11: 350000000
A12: RENOVADOR | B12: RENOVADOR DE PRADERAS Estructura metálica color naranja | C12: 2488748.9
A13: TRACTOR | B13: TRACTOR CORTA CESPED - Motor 17,5 HP 4 Tiempos | C13: 12000000
A14: TRACTOR | B14: TRACTOR Agrícola Marca NEW HOLLAND modelo 6610S M74301 4WDdiesel F4CE BENEFICIARIO DEPARTAMENTO DE CUNDINAMARCA NIT 899.999.114-0. | C14: 213875000
A15: COMPACTADOR DE BASURAS | B15: COMPACTADOR DE BASURAS MARCA RAMONERRE LINEA R2 2000 MODELO 2020 PLACA ODT434 | C15: 160000000
A16: DESBROZADORA | B16: AGRIMEC | C16: 15000000
A17: ROLLOCUCHILLO | B17: Rolocuchillo ROLOCUCHILLO Estructura en hierro color naranja con 4 llantas Referencia Placa Sistema: 1358 Placa Anterior: 0 | C17: 2060572.5
A18: TRACTOR | B18: TRACTOR AGRICOLA MARCA KUBOTA M9540 SERIE KBUMAEDRVM8D20457 MOTOR V3800 -T-2ME6146 DT | C18: 213875000 | D18: =+C18+C19 -> 230171000
B19: ACCESORIOS ARADO DE CINCEL VIBRATORIO | C19: 16296000
A20: TOTAL MAQUINARIA Y EQUIPO | C20: =SUM(C7:C19) -> 2.958862e+09

Sheet AUTOMOVILES
B1: MUNICIPIO DE TAUSA
B2: NIT. 899999481-9
B4: VEHÍCULOS
B6: PLACA | C6: DESCRIPCION VEHICULO | D6: COD FASECOLDA | E6: TARIFA FASECOLDA 2026 (mayo) | F6: MOTOR | G6: CHASIS
A7: 1 | B7: CTQ97C | C7: MOTOCICLETA KAWASAKI KLX150J CC. 144 MOD. 2017 PLACA CTQ79C BENEFICIARIO DEPARTAMENTO DE CUNDINAMARCA | D7: 04517112 | E7: 8100000 | F7: LX150CEPX8869 | G7: 9FLLXRJ18HPJ04693 | H7: 8100000
A8: =+A7+1 -> 2 | B8: EZJ29D | C8: MOTOCICLETA YAMAHA XTZ 125 MOD.2013 PLACA EZJ29D | D8: 09817110 | E8: 5800000 | F8: J05ETY11149 | G8: 9F3FC9JLTGXX10587 | H8: 5800000
A9: =+A8+1 -> 3 | B9: KGY53 | C9: MOTOCICLETA YAMAHA DT125 MOD. 1998 PLACA KGY53 | D9: 09817015 | E9: 7200000 | F9: 3TL093899 | G9: 3TL093899 | H9: 7200000
A10: =+A9+1 -> 4 | B10: EZJ30D | C10: MOTOCICLETA YAMAHA XTZ 125 MOD. 2014 PLACA EZJ30D | D10: 09817110 | E10: 6300000 | F10: E3L5E003203 | G10: LBPKE1967E0006719 | H10: 6300000
A11: =+A10+1 -> 5 | B11: CIX16F | C11: MOTOCICLETA YAMAHA XTZ125 C.C. 124 MOD. 2020 PLACA CIX16F BENEFICIARIO DEPARTAMENTO DE CUNDINAMARCA | D11: 09817188 | E11: 7600000 | F11: E3Y2E037386 | G11: 9FKDE0927L2037386 | H11: 7700000
A12: =+A11+1 -> 6 | B12: ZDN07C | C12: MOTOCICLETA YAMAHA XTZ125 CC. 125 MOD. 2013 PLACA ZDN07C BENEFICIARIO DEPARTAMENTO DE CUNDINAMARCA | D12: 09817110 | E12: 5800000 | F12: E3B4E010233 | G12: 9FK3B2116D2010233 | H12: 5800000
A13: =+A12+1 -> 7 | B13: JSZ14 | C13: MOTOCICLETA YAMAHA XTZ125 CC. 124 MOD. 2014 PLACA JSZ14 | D13: 09817110 | E13: 6300000 | F13: E3L5E007303 | G13: LBPKE1964E0011473 | H13: 6300000
A14: =+A13+1 -> 8 | B14: LBE68G | C14: MOTOCICLETA YAMAHA XTZ125 CC. 124 MOD. 2023 | D14: 09817188 | E14: 10200000 | F14: E3Y2E101278 | G14: 9FKDE092XP2101278 | H14: 8900000
A15: =+A14+1 -> 9 | B15: IVP08H | C15: MOTOCICLETA HONDA XR 150 CC. 149 MOD. 2025 SERVI OFICIAL | D15: 03454021 | E15: 9700000 | F15: KD07E3150533 | G15: 9FMKD0790SE015440
B16: TOTAL MOTOCICLETAS | E16: =SUM(E7:E15) -> 67000000
A17: 10 | B17: OHK499 | C17: CAMIONETA AMBULANCIA TOYOTA LAND CRUISER CC. 4500 MOD. 2001 PLACA OHK499 | D17: 09008057 | E17: 117600000 | F17: 1FZ0456366 | G17: 9FH31UJ7514002167 | H17: 121900000
A18: =+A17+1 -> 11 | B18: OSM904 | C18: CAMIONETA CHEVROLET COLORADO DOBLE CABINA 2776CC MODELO 2023 PLACA OSM904 | D18: 01621103 | E18: 149000000 | F18: LWNF222761082 | G18: 9BG148FK0PC427722
A19: =+A18+1 -> 12 | B19: ODT362 | C19: CAMIONETA MITSUBISHI SPORTERO 2,5 HIGH POWER DOBLE CABINA CC. 2477 MOD. 2018 PLACA ODT362 | D19: 06221026 | E19: 112800000 | F19: 4D56UAL4172 | G19: MMBJNKL30JH001548
A20: =+A19+1 -> 13 | B20: OSD464 | C20: CAMPERO TOYOTA PRADO CABINADO WAGON PASAJ. 7 C.C. 2982 MOD. 2013 PLACA OSD464 | D20: 09008153 | E20: 146100000 | F20: 1KD2260167 | G20: JTEBH9FJ8DK093376
A21: =+A20+1 -> 14 | B21: OCM151 | C21: BUS CHEVROLET NQR C.C. 5193 PASAJ. 32 MOD. 2013 PLACA OCM151 | D21: 01603118 | E21: 138400000 | F21: 4HK1-954499 | G21: 9GCN1R753DB000675
A22: =+A21+1 -> 15 | B22: OJZ529 | C22: BUS HINO FC9JBUS CC. 5123 PASAJ. 36 MOD. 2016 PLACA OJZ529 | D22: 03703017 | E22: 156900000 | F22: J05ETY11149 | G22: 9F3FC9JLTGXX10587
A23: =+A22+1 -> 16 | B23: ODT434 | C23: CAMION COMPACTADOR CHEVROLET FTR CC. 7790 CPAC. 6370 MOD. 2020 PLACA ODT434 | D23: 01611146 | E23: 282300000 | F23: 6HK1-224518 | G23: 9GDFTR344LB008404
A24: =+A23+1 -> 17 | B24: SPT587 | C24: VOLQUETA FREITHLINER M2 106 C.C. 6370 CAPAC. 18320 MOD. 2009 PLACA SPT587 | D24: 02926004 | E24: 135300000 | F24: 90698000716696 | G24: 3ALHCYCS19DAB0999 | H24: 103100000
A25: =+A24+1 -> 18 | B25: OJG703 | C25: VOLQUETA INTERNATIONAL 4300 CC. 7636 MOD. 2013 PLACA OJG703 | D25: 03626093 | E25: 212900000 | F25: 470HM2U1600472 | G25: 3HAMMAAR9DL350661 | H25: 171700000
B26: TOTAL OTROS VEHÍCULOS | E26: =SUM(E17:E25) -> 1451300000 | H26: =SUM(H7:H25) -> 452800000
B27: TOTAL VEHICULOS | E27: =+E16+E26 -> 1518300000

Sheet SOAT1
B1: MUNICIPIO DE TAUSA
B2: NIT. 899999481-9
B4: Seguro Obligatorio de Accidentes de Tránsito - S.OA.T.
B6: PLACA | C6: DESCRIPCION VEHICULO | D6: Vencimiento | E6: Vr. SOAT 2026
A7: 1 | B7: EZJ29D | C7: MOTOCICLETA YAMAHA XTZ 125 MOD.2013 PLACA EZJ29D | D7: 46334 | E7: 343300
A8: =+A7+1 -> 2 | B8: EZJ30D | C8: MOTOCICLETA YAMAHA XTZ 125 MOD. 2014 PLACA EZJ30D | D8: 46334 | E8: 343300
A9: 3 | B9: IVP08H | C9: MOTOCICLETA HONDA XR 150 CC. 149 MOD. 2025 SERVI OFICIAL | D9: 46369 | E9: 343300
A10: 4 | B10: OSM904 | C10: CAMIONETA CHEVROLET COLORADO DOBLE CABINA 2776CC MODELO 2023 PLACA OSM904 | D10: 46341 | E10: 1110300
A11: =+A10+1 -> 5 | B11: ODT362 | C11: CAMIONETA MITSUBISHI SPORTERO 2,5 HIGH POWER DOBLE CABINA CC. 2477 MOD. 2018 PLACA ODT362 | D11: 46369 | E11: 946600
A12: 6 | B12: OJZ529 | C12: BUS HINO FC9JBUS CC. 5123 PASAJ. 36 MOD. 2016 PLACA OJZ529 | D12: 46333 | E12: 1510600
E13: =SUM(E7:E12) -> 4597400

Sheet Hoja1
A1: PLACA | B1: DESCRIPCION VEHICULO | C1: FECHA DE VENCIMIENTO | D1: TARIFA | E1: VALOR
A2: OJF581 | B2: VOLQUETA CHEVROLET C70 149 CC. 8200 PLATON CARRO TANQUE MOD. 1993 CAPAC. 7000 PLACA OJF581 BENEFICIARIO GOBERNACION DE CUNDINAMARCA | C2: VENCIDO | D2: 321 | E2: 942000
A3: OSD464 | B3: CAMPERO TOYOTA PRADO CABINADO WAGON PASAJ. 7 C.C. 2982 MOD. 2013 PLACA OSD464 | C3: 44277 | D3: 231 | E3: 815250
A4: LQG21A | B4: MOTOCICLETA SUZUKI TS185 CC. 185 MOD. 2003 PLACA LKG21A | C4: 44306 | D4: 121 | E4: 495900
A5: ZDN07C | B5: MOTOCICLETA YAMAHA XTZ125 CC. 125 MOD. 2013 PLACA ZDN07C BENEFICIARIO DEPARTAMENTO DE CUNDINAMARCA | C5: 44306 | D5: 121 | E5: 495900
A6: QNE93B | B6: MOTOCICLETA SUZUKI DR 200 MT 200CC MOD. 2009 PLACA QNE93B | C6: 44306 | D6: 121 | E6: 495900
A7: OHK499 | B7: CAMIONETA AMBULANCIA TOYOTA LAND CRUISER CC. 4500 MOD. 2001 PLACA OHK499 | C7: 44306 | D7: 431 | E7: 1109250
A8: SPT587 | B8: VOLQUETA FREITHLINER M2 106 C.C. 6370 CAPAC. 18320 MOD. 2009 PLACA SPT587 | C8: 44315 | D8: 331 | E8: 1191000
A9: OCM151 | B9: BUS CHEVROLET NQR C.C. 5193 PASAJ. 32 MOD. 2013 PLACA OCM151 | C9: 44318 | D9: 431 | E9: 1109250
A10: CTQ97C | B10: MOTOCICLETA KAWASAKI KLX150J CC. 144 MOD. 2017 PLACA CTQ79C BENEFICIARIO DEPARTAMENTO DE CUNDINAMARCA | C10: 44335 | D10: 121 | E10: 495900
A11: KGN10 | B11: MOTOCICLETA SUZUKI TS125 CC. 125 MOD. 1996 PLACA KGN10 | C11: 44358 | D11: 121 | E11: 495900
A12: KGZ86 | B12: MOTOCICLETA SUZUKI TS125 CC. 125 MOD. 1998 PLACA KGZ86 GOBERNACION DE CUNDINAMARCA | C12: 44358 | D12: 121 | E12: 495900
A13: LQG13A | B13: MOTOCICLETA SUZUKI TS185 CC. 185 MOD. 2003 PLACA LQG13A | C13: 44358 | D13: 121 | E13: 495900
A14: KGS51 | B14: MOTOCICLETA SUZUKI TS125 CC. 125 MOD. 1997 PLACA KGS51 | C14: 44358 | D14: 121 | E14: 495900
... A24: OJG703 | B24: VOLQUETA INTERNATIONAL 4300 CC. 7636 CAP. 9 MOD. 2013 PLACA OJG703 | C24: 44583 | D24: 321 | E24: 942000
D25: TOTAL | E25: =SUM(E2:E24) -> 15798000

Sheet RC SERV. PUBLICOS
A1: MUNICIPIO DE TAUSA
A2: NIT. 899999481-9
A4: POLIZA RESPONSABILIDAD CIVIL SERVIDORES PUBLICOS
A6: Valor Asegurado | D6: 202000000
A7: ALCALDE | B7: ORTIZ GARCIA DAVID ALEJANDRO | C7: 1077295015
A8: SECRETARIA GENERAL Y DE GOBIERNO | B8: SARMIENTO RODRIGUEZ JUAN PABLO | C8: 1075671540
A9: SECRETARIO PLANEACION E INFRAESTRUCTURA | B9: PEREZ LUNA SAUL | C9: 79632936
A10: SECRETARIO DE SERVICIOS PUBLICOS | B10: ELSA POVEDA BELLO | C10: 20985486
A11: SECRETARIA DE DESARROLLO ECONOMICO Y AMBIENTE | B11: PACHON PALACIO YURY LUCIA | C11: 1077294510
A12: JEFE DE PRESUPUESTO | B12: AHUMADA SANCHEZ MARIA INES | C12: 32531559
A13: SECRETARIA DE SALUD Y DESARROLLO SOCIAL | B13: PACHON RODRIGUEZ HELIA LISED | C13: 1077295037
A14: SECRETARIA DE HACIENDA | B14: PACHON AREVALO CLARA INES | C14: 20985723

Sheet MANEJO
A1: MUNICIPIO DE TAUSA
A2: NIT. 899999481-9
A4: POLIZA GLOBAL DE MANEJO GLOBAL
A6: Valor asegurado | D6: 100000000
A7: 1 a 25 cargos
A8: ALCALDE MUNICIPAL | B8: ORTIZ GARCIA DAVID ALEJANDRO | C8: 1077295015
A9: SECRETARIA GENERAL Y DE GOBIERNO | B9: SARMIENTO RODRIGUEZ JUAN PABLO | C9: 1075671540
A10: SECRETARIO PLANEACION E INFRAESTRUCTURA | B10: PEREZ LUNA SAUL | C10: 79632936
A11: SECRETARIO DE SERVICIOS PUBLICOS | B11: ELSA POVEDA BELLO | C11: 20985486
A12: SECRETARIA DE DESARROLLO ECONOMICO Y AMBIENTE | B12: PACHON PALACIO YURY LUCIA | C12: 1077294510
A13: JEFE DE PRESUPUESTO | B13: AHUMADA SANCHEZ MARIA INES | C13: 32531559
A14: SECRETARIA DE SALUD Y DESARROLLO SOCIAL | B14: PACHON RODRIGUEZ HELIA LISED | C14: 1077295037
A15: PERSONERO | B15: LOZANO AMOROCHO LUIS FABIAN | C15: 1077295251
A16: PRESIDENTE DEL CONCEJO MUNICIPAL | B16: CHAPARRO CAMARGO JULIO CESAR | C16: 1075681334
A17: SECRETARIA DE HACIENDA | B17: PACHON AREVALO CLARA INES | C17: 20985723
A18: SECRETARIA DE PERSONERIA | B18: FANDIÑO RINCON ERCY ESMERALDA | C18: 1.0766.572.74
A19: SECRETARIO EJECUTIVO | B19: QUIROGA CASTIBLANCO YEIMI PAOLA | C19: 1076658243

Sheet RCE
A1: MUNICIPIO DE TAUSA
A2: NIT. 899999481-9
A4: PÓLIZA DE RESPONSABILIDAD CIVIL EXTRACONTRACTUAL
A6: AMPARO | B6: VALOR ASEGURADO
A7: PLO | B7: 150000000

Sheet RC CONTRACTUAL OCUP
A1: MUNICIPIO DE TAUSA
A2: NIT. 899999481-9
A4: PÓLIZA DE SEGURO DE ACCIDENTES PERSONALES PARA PASAJEROS Y/O RESPONSABILIDAD CIVIL CONTRACTUAL PARA OCUPANTES DE VEHICULOS
A6: PLACA | B6: DESCRIPCION VEHICULO | C6: VALOR ASEGURADO
A7: OCM151 | B7: BUSETA CHEVROLET NKR MOD. 2012 PASAJ. 32 PLACA OCM151 | C7: 100 smmlv
A8: OJZ529 | B8: BUS HINO FC9J CC. 5123 MOD. 2016 PASAJ 36 PLACA OJZ529 | C8: 100 smmlv

Sheet VIDA GRUPO
A1: MUNICIPIO DE TAUSA
A2: NIT. 899999481-9
A4: VIDA GRUPO
A6: VIDA GRUPO | B6: SALARIO ALCALDE | D6: 5960985
A7: VALORES ASEGURADOS | B7: Amparo vida Fallecimiento por cualquier causa | D7: =+D6*20 -> 119219700 | E7: =+D7*11 -> 1311416700
B8: Incapacidad Total y Permanente | D8: =+D6*20 -> 119219700
B9: Indemnización adicional por muerte Accidental | D9: =+D6*20 -> 119219700
B10: Enfermedades Graves | D10: =SUM(D6*20)/2 -> 59609850
B11: Auxilio Funerario | D11: 10000000
B12: Gastos Médicos | D12: 15000000
A13: CARGO | B13: NOMBRES COMPLETOS | C13: FECHA DE NACIMIENTO | D13: CEDULA
A14: ALCALDE | B14: ORTIZ GARCIA DAVID ALEJANDRO | C14: 33487 | D14: 1077295015
A15: PERSONERO | B15: LOZANO AMOROCHO LUIS FABIAN | C15: 34291 | D15: 1077295251
A16: CONCEJAL | B16: CASTILLO QUIROGA RUBIELA | C16: 30151 | D16: 20985939
A17: CONCEJAL | B17: CHAPARRO CAMARGO JULIO CESAR | C17: 35378 | D17: 1075682334
A18: CONCEJAL | B18: GARCIA ORTIZ DUBAN JOHAN | C18: 35899 | D18: 1077295767
A19: CONCEJAL | B19: MONTAÑO MONTAÑO JUAN IGNACIO | C19: 31265 | D19: 1077294259
A20: CONCEJAL | B20: PACHON ASCENCIO DIEGO ALEJANDRO | C20: 31635 | D20: 1076647569
A21: CONCEJAL | B21: PINZON BELLO BERNABE | C21: 25477 | D21: 3145889
A22: CONCEJAL | B22: SILVA GOMEZ EDGAR ASMET | C22: 34142 | D22: 1077295194
A23: CONCEJAL | B23: RODRIGUEZ GONZALEZ HECTOR EMILIO | C23: 29397 | D23: 80877911
A24: CONCEJAL | B24: GOMEZ RINCON ELIAS | C24: 23472 | D24: 79296551

Sheet SEGUROS SOAT
A1: PLACA | B1: DESCRIPCION VEHICULO | C1: FECHA DE VENCIMIENTO | D1: VALOR SOAT 2021-2022
A2: OJF581 | B2: VOLQUETA CHEVROLET C70 149 CC. 8200 PLATON CARRO TANQUE MOD. 1993 CAPAC. 7000 PLACA OJF581 BENEFICIARIO GOBERNACION DE CUNDINAMARCA | C2: VENCIDO
A3: OSD464 | B3: CAMPERO TOYOTA PRADO CABINADO WAGON PASAJ. 7 C.C. 2982 MOD. 2013 PLACA OSD464 | C3: 44277
A4: LQG21A | B4: MOTOCICLETA SUZUKI TS185 CC. 185 MOD. 2003 PLACA LKG21A | C4: 44306
A5: ZDN07C | B5: MOTOCICLETA YAMAHA XTZ125 CC. 125 MOD. 2013 PLACA ZDN07C BENEFICIARIO DEPARTAMENTO DE CUNDINAMARCA | C5: 44306
A6: QNE93B | B6: MOTOCICLETA SUZUKI DR 200 MT 200CC MOD. 2009 PLACA QNE93B | C6: 44306
A7: OHK499 | B7: CAMIONETA AMBULANCIA TOYOTA LAND CRUISER CC. 4500 MOD. 2001 PLACA OHK499 | C7: 44306
A8: SPT587 | B8: VOLQUETA FREITHLINER M2 106 C.C. 6370 CAPAC. 18320 MOD. 2009 PLACA SPT587 | C8: 44315
A9: OCM151 | B9: BUS CHEVROLET NQR C.C. 5193 PASAJ. 32 MOD. 2013 PLACA OCM151 | C9: 44318
A10: CTQ97C | B10: MOTOCICLETA KAWASAKI KLX150J CC. 144 MOD. 2017 PLACA CTQ79C BENEFICIARIO DEPARTAMENTO DE CUNDINAMARCA | C10: 44335
A11: KGN10 | B11: MOTOCICLETA SUZUKI TS125 CC. 125 MOD. 1996 PLACA KGN10 | C11: 44358
A12: KGZ86 | B12: MOTOCICLETA SUZUKI TS125 CC. 125 MOD. 1998 PLACA KGZ86 GOBERNACION DE CUNDINAMARCA | C12: 44358
A13: LQG13A | B13: MOTOCICLETA SUZUKI TS185 CC. 185 MOD. 2003 PLACA LQG13A | C13: 44358
A14: KGS51 | B14: MOTOCICLETA SUZUKI TS125 CC. 125 MOD. 1997 PLACA KGS51 | C14: 44358
... A24: OJG703 | B24: VOLQUETA INTERNATIONAL 4300 CC. 7636 CAP. 9 MOD. 2013 PLACA OJG703 | C24: 44583
D25: =SUM(D2:D24) -> 0

Sheet Hoja4
A1: PLACA | B1: DESCRIPCION VEHICULO | C1: FECHA DE VENCIMIENTO | D1: TARIFA | E1: VALOR
A2: OJF581 | B2: VOLQUETA CHEVROLET C70 149 CC. 8200 PLATON CARRO TANQUE MOD. 1993 CAPAC. 7000 PLACA OJF581 BENEFICIARIO GOBERNACION DE CUNDINAMARCA | C2: VENCIDO | D2: 321 | E2: 942000
A3: OSD464 | B3: CAMPERO TOYOTA PRADO CABINADO WAGON PASAJ. 7 C.C. 2982 MOD. 2013 PLACA OSD464 | C3: 44277 | D3: 231 | E3: 815250
A4: LQG21A | B4: MOTOCICLETA SUZUKI TS185 CC. 185 MOD. 2003 PLACA LKG21A | C4: 44306 | D4: 121 | E4: 495900
A5: ZDN07C | B5: MOTOCICLETA YAMAHA XTZ125 CC. 125 MOD. 2013 PLACA ZDN07C BENEFICIARIO DEPARTAMENTO DE CUNDINAMARCA | C5: 44306 | D5: 121 | E5: 495900
A6: QNE93B | B6: MOTOCICLETA SUZUKI DR 200 MT 200CC MOD. 2009 PLACA QNE93B | C6: 44306 | D6: 121 | E6: 495900
A7: OHK499 | B7: CAMIONETA AMBULANCIA TOYOTA LAND CRUISER CC. 4500 MOD. 2001 PLACA OHK499 | C7: 44306 | D7: 431 | E7: 1109250
A8: SPT587 | B8: VOLQUETA FREITHLINER M2 106 C.C. 6370 CAPAC. 18320 MOD. 2009 PLACA SPT587 | C8: 44315 | D8: 331 | E8: 1191000
A9: OCM151 | B9: BUS CHEVROLET NQR C.C. 5193 PASAJ. 32 MOD. 2013 PLACA OCM151 | C9: 44318 | D9: 431 | E9: 1109250
A10: CTQ97C | B10: MOTOCICLETA KAWASAKI KLX150J CC. 144 MOD. 2017 PLACA CTQ79C BENEFICIARIO DEPARTAMENTO DE CUNDINAMARCA | C10: 44335 | D10: 121 | E10: 495900
A11: KGN10 | B11: MOTOCICLETA SUZUKI TS125 CC. 125 MOD. 1996 PLACA KGN10 | C11: 44358 | D11: 121 | E11: 495900
A12: KGZ86 | B12: MOTOCICLETA SUZUKI TS125 CC. 125 MOD. 1998 PLACA KGZ86 GOBERNACION DE CUNDINAMARCA | C12: 44358 | D12: 121 | E12: 495900
A13: LQG13A | B13: MOTOCICLETA SUZUKI TS185 CC. 185 MOD. 2003 PLACA LQG13A | C13: 44358 | D13: 121 | E13: 495900
A14: KGS51 | B14: MOTOCICLETA SUZUKI TS125 CC. 125 MOD. 1997 PLACA KGS51 | C14: 44358 | D14: 121 | E14: 495900
... A21: QNE67B | B21: MOTOCICLETA SUZUKI DR 200 MT 200CC MOD. 2009 PLACA QNE67B | C21: 44485 | D21: 121 | E21: 495900
A22: OJZ529 | B22: BUS HINO FC9JBUS CC. 5123 PASAJ. 36 MOD. 2016 PLACA OJZ529 | C22: 44501 | D22: 431 | E22: 1109250 | F22: =SUM(E2:E22) -> 14160600
A23: ODT362 | B23: CAMIONETA MITSUBISHI SPORTERO 2,5 HIGH POWER DOBLE CABINA CC. 2477 MOD. 2018 | C23: 44543 | D23: 221 | E23: 695400
A24: OJG703 | B24: VOLQUETA INTERNATIONAL 4300 CC. 7636 CAP. 9 MOD. 2013 PLACA OJG703 | C24: 44583 | D24: 321 | E24: 942000
D25: TOTAL | E25: =SUM(E2:E24) -> 15798000

Sheet VIDA CONCEJALES
A1: CARGO | B1: NOMBRES COMPLETOS | C1: FECHA DE NACIMIENTO | D1: CEDULA | E1: VR. ASAEGURADO INDIVIDUAL | F1: =+TODAY() -> 46224
A2: ALCALDE | B2: OSCAR HERNANDO OLAYA RINCON | C2: 22112 | D2: 3195560 | E2: =20*4261640 -> 85232800 | F2: 61
A3: PERSONERA | B3: MAIRA YASMIN CRISTANCHO CASAS | C3: 32621 | D3: 1072365188 | E3: =20*4261640 -> 85232800 | F3: 32
A4: CONCEJAL | B4: RUBIELA CASTILLO QUIROGA | C4: 30151 | D4: 20985939 | E4: =20*4261640 -> 85232800 | F4: 39
A5: CONCEJAL | B5: VICTOR JULIO CHAPARRO MOLINA | C5: 27038 | D5: 7167715 | E5: =20*4261640 -> 85232800 | F5: 47
A6: CONCEJAL | B6: PEDRO ALIRIO GUERRERO VELASQUEZ | C6: 22461 | D6: 3195553 | E6: =20*4261640 -> 85232800 | F6: 60
A7: CONCEJAL | B7: LUIS FABIAN LOZANO | C7: 30638 | D7: 1077295251 | E7: =20*4261640 -> 85232800 | F7: 37
A8: CONCEJAL | B8: CLARA PAULINA MAYORGA | C8: 19860 | D8: 41756481 | E8: =20*4261640 -> 85232800 | F8: 67
A9: CONCEJAL | B9: DIEGO ALEJANDRO PAHON ASCENCIO | C9: 31635 | D9: 1076647569 | E9: =20*4261640 -> 85232800 | F9: 35
A10: CONCEJAL | B10: MARLO PINZON | C10: 33230 | D10: 1018440128 | E10: =20*4261640 -> 85232800 | F10: 30
A11: CONCEJAL | B11: CAMILO POVEDA RAMIREZ | C11: 35868 | D11: 1077295748 | E11: =20*4261640 -> 85232800 | F11: 23
A12: CONCEJAL | B12: LUIS ALBERTO SANCHEZ ROJAS | C12: 22678 | D12: 3195629 | E12: =20*4261640 -> 85232800 | F12: 59
A14: SUELDO SR ALCALDE AÑO 2020 | B14: 4261640 | E14: =+E12*60% -> 51139680

Sheet distr. tasa 
B3: TASAS | C3: INCENDIO | D3: TERREMOTO | E3: AMIT | F3: SUSTRACCIÓN | G3: SUS. TODO. R | H3: SUS DINEROS | I3: ROTURA | J3: CORRIENTE | K3: EQUIP. MOV Y PORT.
A4: DIAS DE VIGENCIA | B4: 184 | C4: 0.55 | D4: 1 | E4: 0.1 | F4: 0.001 | G4: 0.005 | H4: 0.011 | I4: 2.5 | J4: 3 | K4: 3
A5: INCENDIO
A6: EDIFICACIONES MUNICIPIO | B6: 45033538684 | C6: =(B6*$C$4/1000)/365*184 -> 12486011 | D6: =(B6*$D$4/1000)/365*184 -> 22701839 | E6: =(B6*$E$4/1000)/365*184 -> 2270183.9
A7: EDIFICACIONES PTAR | B7: 5147868250 | C7: =(B7*$C$4/1000)/365*184 -> 1427299.4 | D7: =(B7*$D$4/1000)/365*184 -> 2595089.7 | E7: =(B7*$E$4/1000)/365*184 -> 259508.97
A8: MEJORAS LOCATIVAS | B8: 10070308 | C8: =(B8*$C$4/1000)/365*184 -> 2792.0964 | D8: =(B8*$D$4/1000)/365*184 -> 5076.5388 | E8: =(B8*$E$4/1000)/365*184 -> 507.65388
A9: MUEBLES Y ENSERES | B9: 331809990 | C9: =(B9*$C$4/1000)/365*184 -> 91997.729 | D9: =(B9*$D$4/1000)/365*184 -> 167268.6 | E9: =(B9*$E$4/1000)/365*184 -> 16726.86 | F9: =(B9*$F$4)/365*184 -> 167268.6
A10: LICENCIAS Y SOFTWARE | B10: 61632296 | C10: =(B10*$C$4/1000)/365*184 -> 17088.187 | D10: =(B10*$D$4/1000)/365*184 -> 31069.431 | E10: =(B10*$E$4/1000)/365*184 -> 3106.9431 | F10: =(B10*$F$4)/365*184 -> 31069.431
A11: LIBROS Y TEXTOS | B11: 228434157 | C11: =(B11*$C$4/1000)/365*184 -> 63335.717 | D11: =(B11*$D$4/1000)/365*184 -> 115155.85 | E11: =(B11*$E$4/1000)/365*184 -> 11515.585 | F11: =(B11*$F$4)/365*184 -> 115155.85
A12: HERRAMIENTAS | B12: 4471133 | C12: =(B12*$C$4/1000)/365*184 -> 1239.6676 | D12: =(B12*$D$4/1000)/365*184 -> 2253.941 | E12: =(B12*$E$4/1000)/365*184 -> 225.3941 | F12: =(B12*$F$4)/365*184 -> 2253.941
A13: CONTENIDOS | B13: 228649886 | C13: =(B13*$C$4/1000)/365*184 -> 63395.53 | D13: =(B13*$D$4/1000)/365*184 -> 115264.6 | E13: =(B13*$E$4/1000)/365*184 -> 11526.46 | F13: =(B13*$F$4)/365*184 -> 115264.6
A14: EQUIPO MEDICO | B14: 450000 | C14: =(B14*$C$4/1000)/365*184 -> 124.76712 | D14: =(B14*$D$4/1000)/365*184 -> 226.84932 | E14: =(B14*$E$4/1000)/365*184 -> 22.684932 | F14: =(B14*$F$4)/365*184 -> 226.84932
A15: BODEGA ALMACEN | B15: 11000000 | C15: =(B15*$C$4/1000)/365*184 -> 3049.863 | D15: =(B15*$D$4/1000)/365*184 -> 5545.2055 | E15: =(B15*$E$4/1000)/365*184 -> 554.52055 | F15: =(B15*$F$4)/365*184 -> 5545.2055
A16: EQUIPO DE LABORATORIO PTAR | B16: 29187108 | C16: =(B16*$C$4/1000)/365*184 -> 8092.4256 | D16: =(B16*$D$4/1000)/365*184 -> 14713.501 | E16: =(B16*$E$4/1000)/365*184 -> 1471.3501 | F16: =(B16*$F$4)/365*184 -> 14713.501
A17: MAQUINARIA Y EQUIPO | B17: 134140068 | C17: =(B17*$C$4/1000)/365*184 -> 37191.712 | D17: =(B17*$D$4/1000)/365*184 -> 67621.295 | E17: =(B17*$E$4/1000)/365*184 -> 6762.1295 | F17: =(B17*$F$4)/365*184 -> 67621.295 | I17: =B17*$I$4/1000/365*$B$4 -> 169053.24
A18: MAQUINARIA Y EQUIPO PTAR | B18: 2027068435 | C18: =(B18*$C$4/1000)/365*184 -> 562025.55 | D18: =(B18*$D$4/1000)/365*184 -> 1021864.6 | E18: =(B18*$E$4/1000)/365*184 -> 102186.46 | F18: =(B18*$F$4)/365*184 -> 1021864.6 | I18: =B18*$I$4/1000/365*$B$4 -> 2554661.6
A19: DINEROS DENTRO Y FUERA DE CAJA FUERTE | B19: 1500000 | C19: =(B19*$C$4/1000)/365*184 -> 415.89041 | D19: =(B19*$D$4/1000)/365*184 -> 756.16438 | E19: =(B19*$E$4/1000)/365*184 -> 75.616438 | H19: =(B19*$H$4)/365*184 -> 8317.8082
A20: VEHICULOS EN REPOSO | B20: 870000 | C20: =(B20*$C$4/1000)/365*184 -> 241.21644 | D20: =(B20*$D$4/1000)/365*184 -> 438.57534 | E20: =(B20*$E$4/1000)/365*184 -> 43.857534 | F20: =(B20*$F$4)/365*184 -> 438.57534
A21: INSTALACIONES ELECTRICAS Y REDES | B21: 50000000 | C21: =(B21*$C$4/1000)/365*184 -> 13863.014 | D21: =(B21*$D$4/1000)/365*184 -> 25205.479 | E21: =(B21*$E$4/1000)/365*184 -> 2520.5479
A22: NORMA DE SISMORESISTENTA | B22: 1000000000 | C22: =(B22*$C$4/1000)/365*184 -> 277260.27 | D22: =(B22*$D$4/1000)/365*184 -> 504109.59 | E22: =(B22*$E$4/1000)/365*184 -> 50410.959
A23: TERRENOS | B23: 800000000 | C23: =(B23*$C$4/1000)/365*184 -> 221808.22 | D23: =(B23*$D$4/1000)/365*184 -> 403287.67 | E23: =(B23*$E$4/1000)/365*184 -> 40328.767
A24: EQUIPO COMPUTO- PROCESAMIENTO ELECTRONICO DE DATOS | B24: 347196196 | J24: =(B24*$J$4)/1000/365*$B$4 -> 525074.8
A25: EQUIPO ELECTRICO Y ELECTRONICO- CORRIENTE DEBIL | B25: 286720946 | J25: =(B25*$J$4)/1000/365*$B$4 -> 433616.33
A26: EQUIPO CIRCUITO CERRADO TV | B26: 24464200 | J26: =(B26*$J$4)/1000/365*$B$4 -> 36997.913
A27: EQUIPO MOVILES Y PORTATILES | B27: 261873134 | K27: =(B27*K4/1000)/365*B4 -> 396038.27
A28: INSTRUMENTOS MUSICALES | B28: 301293364 | G28: =(B28*G4)/365*184 -> 759424.37
A29: TOTAL | B29: =SUM(B6:B28) -> 56322238155 | C29: =SUM(C6:C28) -> 15277232 | D29: =SUM(D6:D28) -> 27776786 | E29: =SUM(E6:E28) -> 2777678.6 | F29: =SUM(F6:F28) -> 1541422.5 | G29: =SUM(G6:G28) -> 759424.37 | H29: =SUM(H6:H28) -> 8317.8082 | I29: =SUM(I6:I28) -> 2723714.8 | ... K29: =SUM(K6:K28) -> 396038.27
A32: TOTAL | B32: =+B29 -> 56322238155 | C32: =SUM(C29:K29) -> 52256304

Sheet ESTUDIO MERCADOS
A2: MUNICIPIO DE COGUA
A3: COTIZACION ESTUDIO DE MERCADOS 184 DIAS - MAYO DE 2018
A4: VIGENCIA DE LA OFERTA:
A6: RAMOS | B6: VALOR ASEGURADO | C6: TASA | D6: COSTO TOTAL DE LA OFERTA
D7: 184 DIAS
D8: PRIMA | E8: IVA | F8: TOTAL
A9: RUBRO No. 1 SEGUROS GENERALES
A10: DAÑOS MATERIALES COMBINADOS- TODO RIESGO
A11: INCENDIO
A12: EDIFICACIONES MUNICIPIO | B12: 45033538684 | C12: 1.7 | D12: =(B12*C12/1000)/365*$B$96 -> 38593126 | E12: =+D12*0.19 -> 7332693.9 | F12: =+D12+E12 -> 45925820 | H12: 10274273391
A13: EDIFICACIONES PTAR | B13: 5147868250 | C13: 1.7 | D13: =(B13*C13/1000)/365*$B$96 -> 4411652.6 | E13: =+D13*0.19 -> 838213.99 | F13: =+D13+E13 -> 5249866.6
A14: MEJORAS LOCATIVAS | B14: 10070308 | C14: 1.7 | D14: =(B14*C14/1000)/365*$B$96 -> 8630.116 | E14: =+D14*0.19 -> 1639.722 | F14: =+D14+E14 -> 10269.838
A15: MUEBLES Y ENSERES | B15: 331809990 | C15: 1.7 | D15: =(B15*C15/1000)/365*$B$96 -> 284356.62 | E15: =+D15*0.19 -> 54027.757 | F15: =+D15+E15 -> 338384.37 | H15: 5000000
A16: LICENCIAS Y SOFTWARE | B16: 61632296 | C16: 1.7 | D16: =(B16*C16/1000)/365*$B$96 -> 52818.033 | E16: =+D16*0.19 -> 10035.426 | F16: =+D16+E16 -> 62853.46 | H16: 220000000
A17: LIBROS Y TEXTOS | B17: 228434157 | C17: 1.7 | D17: =(B17*C17/1000)/365*$B$96 -> 195764.94 | E17: =+D17*0.19 -> 37195.339 | F17: =+D17+E17 -> 232960.28
A18: HERRAMIENTAS | B18: 4471133 | C18: 1.7 | D18: =(B18*C18/1000)/365*$B$96 -> 3831.6997 | E18: =+D18*0.19 -> 728.02295 | F18: =+D18+E18 -> 4559.7227
A19: CONTENIDOS | B19: 228649886 | C19: 1.7 | D19: =(B19*C19/1000)/365*$B$96 -> 195949.82 | E19: =+D19*0.19 -> 37230.466 | F19: =+D19+E19 -> 233180.29
A20: EQUIPO MEDICO | B20: 450000 | C20: 1.7 | D20: =(B20*C20/1000)/365*$B$96 -> 385.64384 | E20: =+D20*0.19 -> 73.272329 | F20: =+D20+E20 -> 458.91616
A21: BODEGA ALMACEN | B21: 11000000 | C21: 1.7 | D21: =(B21*C21/1000)/365*$B$96 -> 9426.8493 | E21: =+D21*0.19 -> 1791.1014 | F21: =+D21+E21 -> 11217.951
A22: EQUIPO DE LABORATORIO PTAR | B22: 29187108 | C22: 1.7 | D22: =(B22*C22/1000)/365*$B$96 -> 25012.952 | E22: =+D22*0.19 -> 4752.4608 | F22: =+D22+E22 -> 29765.413 | H22: 223000
A23: MAQUINARIA Y EQUIPO | B23: 134140068 | C23: 1.7 | D23: =(B23*C23/1000)/365*$B$96 -> 114956.2 | E23: =+D23*0.19 -> 21841.678 | F23: =+D23+E23 -> 136797.88
A24: MAQUINARIA Y EQUIPO PTAR | B24: 2027068435 | C24: 1.7 | D24: =(B24*C24/1000)/365*$B$96 -> 1737169.9 | E24: =+D24*0.19 -> 330062.28 | F24: =+D24+E24 -> 2067232.2
A25: DINEROS DENTRO Y FUERA DE CAJA FUERTE | B25: 1500000 | C25: =+C22 -> 1.7 | D25: =(B25*C25/1000)/365*$B$96 -> 1285.4795 | E25: =+D25*0.19 -> 244.2411 | F25: =+D25+E25 -> 1529.7205 | H25: =SUM(H12:H22) -> 10499496391
A26: VEHICULOS EN REPOSO | B26: =REPOSO!D6 -> 870000 | C26: 1.7 | D26: =(B26*C26/1000)/365*$B$96 -> 745.57808 | E26: =+D26*0.19 -> 141.65984 | F26: =+D26+E26 -> 887.23792
A27: INSTALACIONES ELECTRICAS Y REDES | B27: 50000000 | C27: 1.7 | D27: =(B27*C27/1000)/365*$B$96 -> 42849.315 | E27: =+D27*0.19 -> 8141.3699 | F27: =+D27+E27 -> 50990.685
A28: NORMA DE SISMORESISTENTA | B28: 1000000000 | C28: 1 | D28: =(B28*C28/1000)/365*$B$96 -> 504109.59 | E28: =+D28*0.19 -> 95780.822 | F28: =+D28+E28 -> 599890.41
A29: TERRENOS | B29: 800000000 | C29: 1 | D29: =(B29*C29/1000)/365*$B$96 -> 403287.67 | E29: =+D29*0.19 -> 76624.658 | F29: =+D29+E29 -> 479912.33
A30: SUB TOTAL | B30: =SUM(B12:B29) -> 55100690315 | D30: =SUM(D11:D29) -> 46585359 | E30: =SUM(E11:E29) -> 8851218.2 | F30: =SUM(F11:F29) -> 55436577
A31: EQUIPO ELECTRICO Y ELECTRONICO- CORRIENTE DEBIL
A32: EQUIPO COMPUTO- PROCESAMIENTO ELECTRONICO DE DATOS | B32: 347196196 | C32: 2.5 | D32: =(B32*C32/1000)/365*$B$96 -> 437562.33 | E32: =+D32*0.19 -> 83136.843 | F32: =+D32+E32 -> 520699.17
A33: EQUIPO ELECTRICO Y ELECTRONICO- CORRIENTE DEBIL | B33: 286720946 | C33: 2.5 | D33: =(B33*C33/1000)/365*$B$96 -> 361346.95 | E33: =+D33*0.19 -> 68655.92 | F33: =+D33+E33 -> 430002.87
A34: EQUIPO CIRCUITO CERRADO TV | B34: 24464200 | C34: 2.5 | D34: =(B34*C34/1000)/365*$B$96 -> 30831.595 | E34: =+D34*0.19 -> 5858.003 | F34: =+D34+E34 -> 36689.597
A35: EQUIPO MOVILES Y PORTATILES | B35: 261873134 | C35: 2.5 | D35: =(B35*C35/1000)/365*$B$96 -> 330031.89 | E35: =+D35*0.19 -> 62706.06 | F35: =+D35+E35 -> 392737.95
A36: SUB TOTAL | B36: =SUM(B31:B35) -> 920254476 | D36: =SUM(D31:D35) -> 1159772.8 | E36: =SUM(E31:E35) -> 220356.83 | F36: =SUM(F31:F35) -> 1380129.6
A37: SUSTRACCION
A38: =A15 -> MUEBLES Y ENSERES | B38: =B15 -> 331809990 | C38: 0.12 | D38: =+((B38*C38)/100)/365*$B$96 -> 200722.32 | E38: =+D38*0.19 -> 38137.24 | F38: =+D38+E38 -> 238859.56
A39: =A16 -> LICENCIAS Y SOFTWARE | B39: =B16 -> 61632296 | C39: 0.12 | D39: =+((B39*C39)/100)/365*$B$96 -> 37283.318 | E39: =+D39*0.19 -> 7083.8304 | F39: =+D39+E39 -> 44367.148
A40: =A17 -> LIBROS Y TEXTOS | B40: =B17 -> 228434157 | C40: 0.12 | D40: =+((B40*C40)/100)/365*$B$96 -> 138187.02 | E40: =+D40*0.19 -> 26255.534 | F40: =+D40+E40 -> 164442.55
A41: =A18 -> HERRAMIENTAS | B41: =B18 -> 4471133 | C41: 0.12 | D41: =+((B41*C41)/100)/365*$B$96 -> 2704.7292 | E41: =+D41*0.19 -> 513.89855 | F41: =+D41+E41 -> 3218.6278
A42: =A19 -> CONTENIDOS | B42: =B19 -> 228649886 | C42: 0.12 | D42: =+((B42*C42)/100)/365*$B$96 -> 138317.52 | E42: =+D42*0.19 -> 26280.329 | F42: =+D42+E42 -> 164597.85
A43: =A20 -> EQUIPO MEDICO | B43: =B20 -> 450000 | C43: 0.12 | D43: =+((B43*C43)/100)/365*$B$96 -> 272.21918 | E43: =+D43*0.19 -> 51.721644 | F43: =+D43+E43 -> 323.94082
A44: =A21 -> BODEGA ALMACEN | B44: =B21 -> 11000000 | C44: 0.12 | D44: =+((B44*C44)/100)/365*$B$96 -> 6654.2466 | E44: =+D44*0.19 -> 1264.3068 | F44: =+D44+E44 -> 7918.5534
A45: =A22 -> EQUIPO DE LABORATORIO PTAR | B45: =B22 -> 29187108 | C45: 0.12 | D45: =+((B45*C45)/100)/365*$B$96 -> 17656.201 | E45: =+D45*0.19 -> 3354.6782 | F45: =+D45+E45 -> 21010.879
A46: =A23 -> MAQUINARIA Y EQUIPO | B46: =B23 -> 134140068 | C46: 0.12 | D46: =+((B46*C46)/100)/365*$B$96 -> 81145.553 | E46: =+D46*0.19 -> 15417.655 | F46: =+D46+E46 -> 96563.209
A47: =A24 -> MAQUINARIA Y EQUIPO PTAR | B47: =B24 -> 2027068435 | C47: 0.12 | D47: =+((B47*C47)/100)/365*$B$96 -> 1226237.6 | E47: =+D47*0.19 -> 232985.14 | F47: =+D47+E47 -> 1459222.7
A48: =A25 -> DINEROS DENTRO Y FUERA DE CAJA FUERTE | B48: =B25 -> 1500000 | C48: 0.12 | D48: =+((B48*C48)/100)/365*$B$96 -> 907.39726 | E48: =+D48*0.19 -> 172.40548 | F48: =+D48+E48 -> 1079.8027
A49: =A26 -> VEHICULOS EN REPOSO | B49: =B26 -> 870000 | C49: 0.12 | D49: =+((B49*C49)/100)/365*$B$96 -> 526.29041 | E49: =+D49*0.19 -> 99.995178 | F49: =+D49+E49 -> 626.28559
A50: TOTAL SUSTRACCION | B50: =SUM(B38:B48) -> 3058343073 | D50: =SUM(D38:D48) -> 1850088.1 | E50: =SUM(E38:E48) -> 351516.74 | F50: =SUM(F38:F48) -> 2201604.8
A51: SUSTRACCION TODO RIESGO
A52: INSTRUMENTOS MUSICALES | B52: 301293364 | C52: 0.8 | D52: =(B52*C52/100)/365*$B$96 -> 1215079 | E52: =+D52*0.19 -> 230865.01 | F52: =+D52+E52 -> 1445944
A53: TOTAL SUSTRACCION Y SUSTRACCION TODO RIESGO | B53: =B50+B52 -> 3359636437 | D53: =D50+D52 -> 3065167.1 | E53: =E50+E52 -> 582381.74 | F53: =F50+F52 -> 3647548.8
A54: ROTURA DE MAQUINARIA
A55: MAQUINARIA Y EQUIPO | B55: =B23 -> 134140068 | C55: 2 | D55: =(B55*C55/1000)/365*$B$96 -> 135242.59 | E55: =+D55*0.19 -> 25696.092 | F55: =+D55+E55 -> 160938.68
A56: MAQUINARIA Y EQUIPO PTAR | B56: =B24 -> 2027068435 | C56: 2 | D56: =(B56*C56/1000)/365*$B$96 -> 2043729.3 | E56: =+D56*0.19 -> 388308.56 | F56: =+D56+E56 -> 2432037.8
A57: SUB TOTAL | B57: =SUM(B55:B55) -> 134140068 | D57: =SUM(D55:D56) -> 2178971.9 | E57: =SUM(E55:E56) -> 414004.65 | F57: =SUM(F55:F56) -> 2592976.5
A58: TOTAL DAÑOS MATERIALES | B58: =SUM(B30+B36+B52) -> 56322238155 | D58: =D30+D36+D50+D52+D57 -> 52989270 | E58: =E30+E36+E50+E52+E57 -> 10067961 | F58: =F30+F36+F50+F52+F57 -> 63057232
A59: TODO RIESGO EQUIPO Y MAQUINARIA
A60: OFERTA BASICA | B60: 2638885338 | C60: 7 | D60: =+B60*C60/1000*B96/365 -> 9312011.8 | E60: =+D60*0.19 -> 1769282.2 | F60: =+D60+E60 -> 11081294
D61: =SUM(D60:D60) -> 9312011.8 | E61: =SUM(E60:E60) -> 1769282.2 | F61: =SUM(F60:F60) -> 11081294
A62: SEGURO DE MANEJO GLOBAL
A63: OFERTA BASICA | B63: 100000000 | C63: 3.6 | D63: =(B63*C63/100)/365*$B$96 -> 1814794.5 | E63: =+D63*0.19 -> 344810.96 | F63: =+D63+E63 -> 2159605.5
D64: =SUM(D63:D63) -> 1814794.5 | E64: =SUM(E63:E63) -> 344810.96 | F64: =SUM(F63:F63) -> 2159605.5
A65: RESPONSABILIDAD CIVIL EXTRACONTRACTUAL
A66: OFERTA BASICA | B66: 200000000 | C66: 0.35 | D66: =(B66*C66/100)/365*$B$96 -> 352876.71 | E66: =+D66*0.19 -> 67046.575 | F66: =+D66+E66 -> 419923.29
D67: =SUM(D66:D66) -> 352876.71 | E67: =SUM(E66:E66) -> 67046.575 | F67: =SUM(F66:F66) -> 419923.29
A68: SEGURO DE AUTOMOVILES
A69: VEHICULOS | B69: =AUTOS!E28 -> 1450000000 | C69: 3.3 | D69: =(B69*C69/100)/365*$B$96 -> 24121644 | E69: =+D69*0.19 -> 4583112.3 | F69: =+D69+E69 -> 28704756
B70: =SUM(B69:B69) -> 1450000000 | D70: =SUM(D68:D69) -> 24121644 | E70: =SUM(E68:E69) -> 4583112.3 | F70: =SUM(F68:F69) -> 28704756
A71: RESPONSABILIDAD CIVIL SERVIDORES PUBLICOS | H71: =B72*C72/100 -> 12000000
A72: OFERTA BASICA | B72: 300000000 | C72: 4 | D72: =(B72*C72/100)/365*$B$96+250000 -> 6299315.1 | E72: =+D72*0.19 -> 1196869.9 | F72: =+D72+E72 -> 7496184.9 | H72: =H71/365*B96 -> 6049315.1
D73: =SUM(D72:D72) -> 6299315.1 | E73: =SUM(E72:E72) -> 1196869.9 | F73: =SUM(F72:F72) -> 7496184.9 | H73: =#REF!*10% -> #REF!
A74: TRANSPORTE DE VALORES | H74: =H72+H73 -> #REF!
A75: PROYECCIÓN DE MOVILIZACION | B75: 65000000 | C75: 0.165 | D75: =+(B75*C75/100)/365*B96 -> 54065.753 | E75: =+D75*0.19 -> 10272.493 | F75: =+D75+E75 -> 64338.247
A76: LIMITE MÁXIMO POR DESPACHO $ 10.500.000
D77: =SUM(D75:D76) -> 54065.753 | E77: =SUM(E75:E76) -> 10272.493 | F77: =SUM(F75:F76) -> 64338.247
A78: ACCIDENTES PERSONALES | H78: 988003
A79: OFERTA BASICA | B79: 100 SMMLV | D79: =2900000/365*B96 -> 1461917.8 | F79: =+D79+E79 -> 1461917.8 | H79: =H78/365*B96 -> 498061.79
A80: BUS OJZ525- BUS OJG448 | H80: =(H79+H88) -> 498061.79
D81: =SUM(D79:D80) -> 1461917.8 | E81: =SUM(E79:E80) -> 0 | F81: =SUM(F79:F80) -> 1461917.8 | H81: 287671
A82: SOAT
A83: OFERTA BASICA | B83: LEY
A84: SOAT VIGENCIA 2018 | D84: =SOAT!H28 -> 15991200 | F84: =D84 -> 15991200
D85: =SUM(D83:D84) -> 15991200 | E85: =SUM(E83:E84) -> 0 | F85: =SUM(F83:F84) -> 15991200
A86: TOTAL RUBRO No. 1 $ | F86: =F58+F61+F64+F67+F70+F73+F77+F81+F85 -> 1.3043645e+08
A87: RUBRO No. 2 VIDA ALCALDE, PERSONERO Y CONCEJALES
A88: VIDA GRUPO
A89: COSTO SEGURO ALCALDE | B89: 102694960 | D89: 500000 | F89: =+D89+E89 -> 500000
A90: COSTO SEGURO PERSONERO | B90: =B89 -> 102694960 | D90: =+D89 -> 500000 | F90: =+D90+E90 -> 500000 | H90: 8707634
A91: COSTO SEGURO CONCEJALES | B91: =B90*11 -> 1129644560 | D91: =D90*11 -> 5500000 | F91: =+D91+E91 -> 5500000 | H91: =H90/365*B96 -> 4389601.8
D92: =SUM(D89:D91) -> 6500000 | E92: =SUM(E89:E91) -> 0 | F92: =SUM(F89:F91) -> 6500000
A93: TOTAL RUBRO No. 2 | F93: =F92 -> 6500000
A94: TOTAL GENERAL => | D94: =D58+D61+D64+D67+D70+D73+D77+D81+D85+D92 -> 1.188971e+08 | E94: =E58+E61+E64+E67+E70+E73+E77+E81+E85+E92 -> 18039356 | F94: =F58+F61+F64+F67+F70+F73+F77+F81+F85+F92 -> 1.3693645e+08
A96: DÍAS | B96: 184
A97: DESDE | B97: 43282
A98: HASTA LAS 00:00 HORAS | B98: =+B97+B96 -> 43466
A103: JUAN MANUEL AGUIRRE BEDOYA
A104: Gerente Técnico - Administrativo
A105: Teléfonos: 255 3040 – 255 3042 – 217 8302 – 541 3808 FAX: 5412443
A106: Extensión 105
A107: Celular: + 57 311 809 4602 – 311 811 6006 –320 421 3892 – 310 880 7638 – 310 688 5446
...

Sheet EDIFICACIONES
A1: Uso | B1: ValorCatastral | C1: ValorComercial | D1: NombrePredio | E1: Direccion
A2: INSTITUCIONAL | B2: 74955000 | C2: 74955000 | D2: Jardín Rafael Pombo 1052 mt2 MI 176-02953 No.01-017-005 | E2: K 5 4 13 C 4
A3: INSTITUCIONAL | B3: 260062500 | C3: 260062500 | D3: Casa Cultura-Concha Acústica 3650 mt2 MI 176-11739 No.01-003-025 | E3: K 3 2 120
A4: INSTITUCIONAL | B4: 38332500 | C4: 38332500 | D4: Parque Infantíl Urb.Carpintero 538 mt2 MI 176-20348 No.01-011-020 | E4: C 6 4 21
A5: INSTITUCIONAL | B5: 43391250 | C5: 43391250 | D5: Jardín San José 609 mt2 MI 176-24271 No.02-07-001 | E5: K 3 10 35
A6: INSTITUCIONAL | B6: 30993750 | C6: 30993750 | D6: Parque Infantíl San Antonio 435 mt2 MI 176-40335 No.01-01-01 | E6: K 3 1 4 4
A7: RECREATIVO | B7: 949976250 | C7: 949976250 | D7: Villa Olímpica 13333 mt2 MI 176-58854 No.01-15-04 | E7: K 4 VILLA OLIMPICA
A8: INSTITUCIONAL | B8: 76736250 | C8: 76736250 | D8: Concejo Municipal 1077 mt2 MI 176-96019 No.01-013-009 | E8: C 4 3 29
A9: INSTITUCIONAL | B9: 76950000 | C9: 76950000 | D9: Casa Cogua 1080 mt2 MI 176-101590 No.01-07-001 | E9: C 4 3 08
A10: RECREATIVO | B10: 95008000 | C10: 95008000 | D10: Campo Deportivo Mortiño 16000 mt2 MI 176-20216 No.04-0327 | E10: VILLA CLAUDIA
A11: RECREATIVO | B11: 19595400 | C11: 19595400 | D11: Campo Deportivo La Chapa 3300 mt2 MI 176-23705 No.05-0675 | E11: CAMPO DE DEPORTE
A12: INSTITUCIONAL | B12: 120351384 | C12: 120351384 | D12: Colegio Margaritas 20268 mt2 MI 176-30279 No.09-0060 | E12: EL TAGUE
A13: INSTITUCIONAL | B13: 3348750000 | C13: 3348750000 | D13: Granja Agropecuaria 47000 mt2 MI 176-38826 No.02-0007 | E13: SAN PABLO
... A80: INSTITUCIONAL | B80: 16704835 | C80: 16704835 | D80: Adecuacion mtto Rafael Pombo Cogia cto 034/2015 | E80: Sector Ojo de Agua
A81: INSTITUCIONAL | B81: 233889416 | C81: 233889416 | D81: Construcción Salón Cultural Sector Ojo de Agua
A82: INSTITUCIONAL | B82: 19372600 | C82: 19372600 | D82: Clinica y hospitales | E82: Centro Cogua
A83: FORESTAL O AMBIENTAL | B83: 5633400 | C83: 5633400 | D83: Invernadero | E83: Reserva forestal
A84: RECREATIVO | B84: 345327902 | C84: 345327902 | D84: Unidad deportiva Rodamontal | E84: Vereda Rodamontal
A85: RECREATIVO | B85: 1425097700 | C85: 1425097700 | D85: Villa olímpica MI 176-58854 No.01-015-004 | E85: K 4 VILLA OLIMPICA
A86: RECREATIVO | B86: 174186905 | C86: 174186905 | D86: Campo deportivo Mortiño MI 176-20216 No.004-0327 | E86: VILLA CLAUDIA
A87: RECREATIVO | B87: 32450000 | C87: 32450000 | D87: Campo deportivo Chapa MI 176-23705 No.005-0675 | E87: CAMPO DE DEPORTE
A88: RECREATIVO | B88: 37642371 | C88: 37642371 | D88: Campo deportivo Granja MI 176-84383 No.002-0066 | E88: Centro Cogua
A89: RECREATIVO | B89: 3967387045 | C89: 3967387045 | D89: Complejo deportivo MI 176-91420 | E89: LOTE EL COMPLEJO DEPORTIVO
A90: RECREATIVO | B90: 50000000 | C90: 50000000 | D90: unidad deportiva el Altico | E90: Vereda el altico
A91: RECREATIVO | B91: 182267871 | C91: 182267871 | D91: Unidad deportiva Olivo | E91: Vereda el Olivo
A92: RECREATIVO | B92: 94838540 | C92: 94838540 | D92: Unidad deportiva Casablanca | E92: Vereda casa blanca
A93: RECREATIVO | B93: 252478995 | C93: 252478995 | D93: Unidad deportiva San Jose | E93: Barrio San jose
... A158: INSTITUCIONAL | B158: 49645000 | C158: 49645000 | D158: Donacion- Secretaria de Salud- Dpto Cundinamarca 2016 | E158: Centro Cogua
C159: =SUM(C2:C158)-C133 -> 45033538684
A162: Texto154 | C162: txtValor | D162: CATEGORIA | E162: Placa
A163: División en Vidrio templado con Soportes Vidrio Templado | C163: 311808 | D163: MEJORAS LOCATIVAS | E163: 14492
A164: División en Vidrio templado con Soportes Vidrio Templado | C164: 311808 | D164: MEJORAS LOCATIVAS | E164: 14838
A165: División en Vidrio templado con Soportes Vidrio Templado | C165: 311808 | D165: MEJORAS LOCATIVAS | E165: 14839
A166: División en Vidrio templado con Soportes Vidrio Templado | C166: 311808 | D166: MEJORAS LOCATIVAS | E166: 14840
A167: División en Vidrio Templado, con soportes | C167: 311808 | D167: MEJORAS LOCATIVAS | E167: 14862
A168: División en Vidrio Templado, con soportes | C168: 311808 | D168: MEJORAS LOCATIVAS | E168: 14856
A169: División en Vidrio Templado, con soportes | C169: 311808 | D169: MEJORAS LOCATIVAS | E169: 14857
A170: División en Vidrio Templado, con soportes | C170: 311808 | D170: MEJORAS LOCATIVAS | E170: 14858
A171: División en Vidrio Templado, con soportes | C171: 311808 | D171: MEJORAS LOCATIVAS | E171: 14859
A172: División en Vidrio Templado, con soportes | C172: 311808 | D172: MEJORAS LOCATIVAS | E172: 14860
A173: División en Vidrio Templado, con soportes | C173: 311808 | D173: MEJORAS LOCATIVAS | E173: 14854
A174: División en Vidrio Templado, con soportes | C174: 311808 | D174: MEJORAS LOCATIVAS | E174: 14863
... A189: Superficie Counter de 60 * 1.8 en Vidrio Templado | C189: 201608 | D189: MEJORAS LOCATIVAS | E189: 14853
C190: =SUM(C163:C189) -> 10070308 | D190: MEJORAS LOCATIVAS

Sheet AUTOS
A1: CLIENTE | B1: PLACA | C1: DESCRIPCION VEHICULO | D1: COD FASECOLDA | E1: TARIFA FASECOLDA AL 31 DE MAYO DE 2018
A2: COGUA ALCALDIA | B2: JMG41 | C2: MOTOCICLETA HONDA XR250 CC. 249 MOD. 2012 PLACA JMG41 | D2: 03417093 | E2: 8800000
A3: COGUA ALCALDIA | B3: ODR613 | C3: VOLQUETA PLATON CHEVROLET FVR CC. 7790 CAPAC. 9000 MOD. 2015 PLACA ODR613 | D3: 01626093 | E3: 149500000
A4: COGUA ALCALDIA | B4: OJG696 | C4: CHASIS CAMIONETA KIA K2700 CC. 2665 MOD. 2012 PLACA OJG696 | D4: 04612012 | E4: 35500000
A5: COGUA ALCALDIA | B5: ODR694 | C5: CAMION RECOLECTOR CHEVROLET FVZ CC. 7790 CAPAC. 10397 MOD. 2015 PLACA ODR694 | D5: 01604078 | E5: 185600000
A6: COGUA ALCALDIA | B6: GOV27 | C6: MOTOCICLETA HONDA XL185 MOD. 1990 PLACA GOV27 | D6: 03417069 | E6: 1500000
A7: COGUA ALCALDIA | B7: GOV26 | C7: MOTOCICLETA HONDA XL185 MOD. 1990 PLACA GOV26 | D7: 03417069 | E7: 1500000
A8: COGUA ALCALDIA | B8: GOM47 | C8: MOTOCICLETA HONDA XL185 MOD. 1990 PLACA GOM47 | D8: 03417069 | E8: 1500000
A9: COGUA ALCALDIA | B9: OJG685 | C9: CAMPERO TOYOTA PRADO LC150 TX AT 4000CC 5P MOD. 2011 PLACA OJG685 | D9: 09008151 | E9: 92200000
A10: COGUA ALCALDIA | B10: OJG531 | C10: CAMPERO MITSUBISHI MONTERO V43WA MT 3000CC 5P AA MOD. 2002 PLACA OJG531 | D10: 06208046 | E10: 27200000
A11: COGUA ALCALDIA | B11: OIL283 | C11: VOLQUETA INTERNACIONAL 2674 MT 8700CC TD 6-MOD. 1995 PLACA OIL283 | D11: 03626004 | E11: 49800000
A12: COGUA ALCALDIA | B12: OJG448 | C12: BUS CHEVROLET B70 229 MT 7200CC TD 4X - PASAJ. 37 MOD.2000 PLACA OJG448 | D12: 01603080 | E12: 43100000
A13: COGUA ALCALDIA | B13: JGF34 | C13: MOTOCICLETA YAMAHA DT 175 (CALIBMATIC MT 175CC 2T)-PLACA JGF34- MOD,97 | D13: 09817017 | E13: 1700000
... A27: COGUA ALCALDIA | B27: OKZ328 | C27: CAMION FURGON CHEVROLET NPR CC. 5193 CAPAC. 3950 MOD. 2016 PLACA OKZ328 | D27: 01612155 | E27: 111300000
E28: =SUM(E2:E27) -> 1450000000

Sheet REPOSO
A3: PLACA | B3: DESCRIPCION VEHICULO | C3: COD FASECOLDA | D3: TARIFA FASECOLDA Al 04 DE ABRIL DE 2018
A4: JEV54 | B4: MOTOCICLETA SUSUKI TS 125 MT 125CC 2T -PLACA JEV54 -MOD.95 | C4: 8817040 | D4: 470000
A5: JDN58 | B5: MOTOCICLETA SUSUKI TS 125MT 125CC 2T -PLACA JDN58 - MOD.94 | C5: 8817040 | D5: 400000
A6: TOTAL | D6: =SUM(D4:D5) -> 870000

Sheet SOAT
D2: SOAT VIGENCIA 2018-2019
A3: No | B3: PLACA | C3: MARCA | D3: CLIENTE | E3: PLACA | F3: DESCRIPCION VEHICULO | G3: FECHA DE VENCIMIENTO SOAT A LAS 24 | H3: VALOR SOAT 2018-2019
A4: 1 | B4: YXB24D | C4: SUZUKI | D4: COGUA ALCALDIA | E4: OJG531 | F4: CAMPERO MITSUBISHI MONTERO V43WA MT 3000CC 5P AA -MOD. 2002 PLACA OJG531 | G4: 43293 | H4: 854400
A5: 2 | B5: YXB25D | C5: SUZUKI | D5: COGUA ALCALDIA | E5: OJG448 | F5: BUS CHEVROLET B70 229 MT 7200CC TD 4X - PASAJ. 37 - MOD.2000 PLACA OJG448 | G5: 43293 | H5: 1013100
A6: 3 | B6: YXB26D | C6: SUZUKI | D6: COGUA ALCALDIA | E6: JGF34 | F6: MOTOCICLETA YAMAHA DT 175 (CALIBMATIC MT 175CC 2T)-MODELO 1997 PLACA JGF34 | G6: 43293 | H6: 452850
A7: 4 | B7: ODR730 | C7: TOYOTA | D7: COGUA ALCALDIA | E7: XHA96A | F7: MOTOCICLETA SUSUKI TS 185 MT 185CC 2T- MOD.05 -PLACA XHA96A | G7: 43293 | H7: 452850
A8: 5 | B8: OJZ525 | C8: HINO | D8: COGUA ALCALDIA | E8: OIL282 | F8: VOLQUETA INTERNACIONAL S-SERIES S1754 MT -7500CC TD 6X2 - MOD.97- 10TON PLACA OIL282 | G8: 43297 | H8: 860250
A9: 6 | B9: OJG639 | C9: CHEVROLET | D9: COGUA ALCALDIA | E9: OIL283 | F9: VOLQUETA INTERNACIONAL 2674 MT 8700CC TD 6-MOD. 1995 PLACA OIL283 | G9: 43342 | H9: 860250
A10: 7 | B10: OJG640 | C10: CHEVROLET | D10: COGUA ALCALDIA | E10: YXB24D | F10: MOTOCICLETA SUZUKI DR-X CC. 199 CAP. 2 MOD. 2016 PLACA YXB24D | G10: 43357 | H10: 452850
A11: 8 | B11: OJG638 | C11: CHEVROLET | D11: COGUA ALCALDIA | E11: YXB25D | F11: MOTOCICLETA SUZUKI DR-X CC. 199 CAP. 2 MOD. 2016 PLACA YXB25D | G11: 43357 | H11: 452850
A12: 9 | B12: OHK975 | C12: TOYOTA | D12: COGUA ALCALDIA | E12: YXB26D | F12: MOTOCICLETA SUZUKI DR-X CC. 199 CAP. 2 MOD. 2016 PLACA YXB26D | G12: 43357 | H12: 452850
A13: 10 | B13: ZDM97C | C13: YAMAHA | D13: COGUA ALCALDIA | E13: ODR730 | F13: CAMIONETA TOYOTA HILUX DOBLE CABINA CC. 2494 CAP. 5 MOD. 2015 PLACA ODR730 | G13: 43357 | H13: 634950
A14: 11 | B14: OKZ328 | C14: CHEVROLET | D14: COGUA ALCALDIA | E14: OJZ525 | F14: BUS HINO FC9J ESCOLAR C.C.4990 MOD. 2016 - BENEFICIARIO GOBERNACION DE CUNDINAMARCA CONVENIO 204 PLACA OJZ525 | G14: 43414 | H14: 1013100
A15: 12 | B15: JMG41 | C15: HONDA | D15: COGUA ALCALDIA | E15: OJG640 | F15: CAMION CHEVROLET KODIAK 229 OJG640 MOD.2009-7000CC -7,20TON | G15: 43422 | H15: 860250
A16: 13 | B16: OJG690 | C16: NISSAN | D16: COGUA ALCALDIA | E16: OJG639 | F16: CAMION CHEVROLET KODIAK 229 (TANDEM) MT 7200CC TD 6X- MOD.2008 PLACA OJG639 | G16: 43422 | H16: 860250
D17: COGUA ALCALDIA | E17: OJG638 | F17: CAMION CHEVROLET KODIAK 157 MT 7200CC TD 4X - MOD.2009- 7.20TON PLACA OJG638 | G17: 43424 | H17: 860250
D18: COGUA ALCALDIA | E18: OHK975 | F18: TOYOTA HILUX PICKUP - DOBLE CABINA CC. 2500 MOD. 2014 PLACA OHK975 | G18: 43431 | H18: 634950
D19: COGUA ALCALDIA | E19: ZDM97C | F19: MOTOCICLETA YAMAHA XTZ125 CC 124 MOD 2013- BENEFICIARIO GOBERNACION DE CUNDINAMARCA PLACA ZDM97C | G19: 43433 | H19: 452850
A20: No | B20: PLACA | C20: MARCA | D20: COGUA ALCALDIA | E20: OKZ328 | F20: UNIDAD MEDICO ODONTOLOGICA CAMION FURGON CHEVROLET NPR CC. 5193 CAPAC. 3950 MOD. 2016 PLACA OKZ328 | G20: 43448 | H20: 1013100
A21: 14 | B21: ODR613 | C21: CHEVROLET | D21: COGUA ALCALDIA | E21: RUK35D | F21: MOTOCICLETA SUZUKI DR650 CC. 644 MOD. 2017 PLACA RUK35D | G21: 43462 | H21: 510750
A22: 15 | B22: OJG696 | C22: KIA | D22: COGUA ALCALDIA | E22: RUK31D | F22: MOTOCICLETA SUZUKI DR650 CC. 644 MOD. 2017 PLACA RUK31D | G22: 43462 | H22: 510750
A23: 16 | B23: ODR694 | C23: CHEVROLET | D23: COGUA ALCALDIA | E23: RUK34D | F23: MOTOCICLETA SUZUKI DR650 CC. 644 MOD. 2017 PLACA RUK34D | G23: 43462 | H23: 510750
A24: 17 | B24: GOV27 | C24: HONDA | D24: COGUA ALCALDIA | E24: RUK32D | F24: MOTOCICLETA SUZUKI DR650 CC. 644 MOD. 2017 PLACA RUK32D | G24: 43462 | H24: 510750
A25: 18 | B25: GOV26 | C25: HONDA | D25: COGUA ALCALDIA | E25: RUK33D | F25: MOTOCICLETA SUZUKI DR650 CC. 644 MOD. 2017 PLACA RUK33D | G25: 43462 | H25: 510750
A26: 19 | B26: GOM47 | C26: HONDA | D26: COGUA ALCALDIA | E26: JMG41 | F26: MOTOCICLETA HONDA XR250 CC. 249 MOD. 2012 PLACA JMG41 | G26: 43465 | H26: 510750
A27: 20 | B27: OJG685 | C27: TOYOTA | D27: COGUA ALCALDIA | E27: OJG690 | F27: PATRULLA - POLICIA - CAMIONETA DOBLE CABINA DIESEL NISSAN D22 MOD. 2012 CC. 2953 PLACA OJG690 | G27: 43465 | H27: 744750
A28: 21 | B28: JGF34 | C28: YAMAHA | D28: TOTAL | H28: =SUM(H4:H27) -> 15991200
A29: 22 | B29: XHA96A | C29: SUZUKI

Sheet M&E
B1: ENTIDAD | C1: MARCA | D1: MODELO | E1: VALOR REPOSICION A NUEVO | F1: INDICE VARIABLE 5% | G1: VALOR AJUSTADO CON INDICE VARIABLE DEL 5%
B2: COGUA | C2: VIBROCOMPACTADOR | D2: CATERPILLAR CS-431 serie 9XL00159, 9 toneladas amarillo | E2: 3.0180663e+08 | F2: =+(E2*5%/365)*315 -> 13023163 | G2: =+E2+F2 -> 3.1482979e+08
B3: COGUA | C3: MOTONOVELADORA | D3: CHAMPIUM tipo articulada No. chasis 23955 - 710ª | E3: 2.3225477e+08 | F3: =+(E3*5%/365)*315 -> 10021952 | G3: =+E3+F3 -> 2.4227672e+08
B4: COGUA | C4: RETROEXCAVADORA | D4: JHON DEERE No. serie TO410 EX82866 | E4: 2.2697625e+08 | F4: =+(E4*5%/365)*315 -> 9794180.8 | G4: =+E4+F4 -> 2.3677044e+08
B5: COGUA | C5: CAMABAJA | D5: CAMABAJA Camabaja Placa R24900 ColombiaAmarillo MARCA Tecnipesados REF. 109-97 | E5: 36949623 | F5: =+(E5*5%/365)*315 -> 1594401.5 | G5: =+E5+F5 -> 38544024
B6: COGUA | C6: TRACTOR | D6: TRACTOR Tractor doble Transmisión, potencia 10.5H P, Ensamblaje Brasil,con capota tipo antivuelo original,llantas delanteras de 14.9*24,llantas traseras de 23.1*26,TurboalimentadoRojo/Negro MARCA Massey Ferguson REF. 2924184790. MAS HERRAMIENTAS POR $ 180.000 | E6: 1.6616773e+08 | F6: =+(E6*5%/365)*315 -> 7170251.5 | G6: =+E6+F6+180000 -> 1.7351798e+08
B7: COGUA | C7: TRACTOR TIPO CARRO DE CORTE | D7: TRACTOR Tractor de Corte de Cesped,Giro Zero RZ 4219,Motor Briggs y StrattonNaranja/Negro MARCA Husqvarna | E7: 7653850.4 | F7: =+(E7*5%/365)*315 -> 330268.89 | G7: =+E7+F7 -> 7984119.3
B8: COGUA | C8: CAJA COMPACTADORA | D8: CHEVROLET KODIAK OJG639 MOD.2009 | E8: 179164600 | F8: =+(E8*5%/365)*315 -> 7731075.2 | G8: =+E8+F8 -> 1.8689568e+08
B9: COGUA | C9: VEHICULO AUTOMOTOR TIPO RESCATE - ATENCIÓN DESASTRES - labores de prevención y atencion de desastres - jurisdiccion del mun de cogua CHASIS $ - CARROCERIA $ 70.025.169 y dotacion $18.791.167- dotacion que consta en el contrato 224 - 27 dic de 2011 | D9: CAMIONETA KIA - K-2700 - C.C. 2.665 - COLOR BLANCO- DIESEL DOBLE CABINA- MODELO 2012- PLACA OJG696 | E9: 100130000 | F9: =+(E9*5%/365)*315 -> 4320678.1 | G9: =+E9+F9 -> 1.0445068e+08
B10: COGUA | C10: RETROEXCAVADORA | D10: MARCA JHON DEERE MODELO 410JRE - AÑO 2008 - - DISTRIBUIDORA NISSAN serie N° TO410J172181 MOTOR # PE4045L061806 | E10: 380000000 | F10: =+(E10*5%/365)*315 -> 16397260 | G10: =+E10+F10 -> 3.9639726e+08
B11: COGUA | C11: MOTONIVELADORA ACERT TURBOALIMENTADOR, POTENCIA VARIABLE DE 125 HP A 145HP, PESO 13.032 KG, CABINA CERRADA CON AIRE ACONDICIONADO, ANCHO DE HOJA DE 12 PIES, ESCARIFICADOR, SISTEMA DE LUCES Y DEMAS ACCESORIO. EQUIPADA CON MOTOR | D11: CATERPILLAR C7 120K , | E11: 6.6509321e+08 | F11: =+(E11*5%/365)*315 -> 28699228 | G11: =+E11+F11 -> 6.9379244e+08
B12: COGUA | C12: COSECHADORA Y PICADORA DE FORRAJE DE PRECISION | E12: 41160000 | F12: =+(E12*5%/365)*315 -> 1776082.2 | G12: =+E12+F12 -> 42936082
B13: COGUA | C13: VAGON FORRAJERO JF5000 | D13: MOD. 2016 | E13: 37620000 | F13: =+(E13*5%/365)*315 -> 1623328.8 | G13: =+E13+F13 -> 39243329
B14: COGUA | C14: COMPACTADOR DE BASURA Compactador de Basura, Placa ODR 694 de Funza, Motor N°6HK1-663005, Chasis N°9GDFVZ348FB036804, Linea FVZ,Cilindrara CC7790Blanco MARCA Chevrolet | E14: 143840000 | F14: =+(E14*5%/365)*315 -> 6206794.5 | G14: =+E14+F14 -> 1.5004679e+08
B15: COGUA | C15: SUBSOLADOR VIBRATORIO | G15: 3000000
B16: COGUA | C16: RENOVADOR DE CINSEL | G16: 6000000
B17: COGUA | C17: RASTRA O ARADO EN CINSEL | G17: 2200000
G18: =SUM(G2:G17) -> 2.6388853e+09

Sheet ACCIDENTES PASAJEROS
A1: CLIENTE | B1: PLACA | C1: DESCRIPCION VEHICULO
A2: COGUA ALCALDIA | B2: OJG448 | C2: BUS CHEVROLET B70 229 MT 7200CC TD 4X - PASAJ. 37 PLACA OJG448- MOD.2000
A3: COGUA ALCALDIA | B3: OJZ525 | C3: BUS HINO FC9JBUS CAPC. 36 PASAJ C.C.5123 MOD. 2016 PLACA OJZ525

Sheet VG
G2: =TODAY() -> 46224
B3: ALCALDE - PERSONERO Y CONCEJALES 2018
B4: CARGO | C4: NOMBRES COMPLETOS | D4: FECHA DE NACIMIENTO | E4: CEDULA | F4: VR ASEGURADO INDIVIDUAL
B5: ALCALDE | C5: WILLIAM DARIO FORERO FORERO | D5: 26135 | E5: 11347839 | F5: =C19*20 -> 102694960 | G5: =($G$2-D5)/365 -> 55.038356
B6: PERSONERO | C6: CAMILO FERNANDO RODRIGUEZ OTALORA | D6: 32738 | E6: 1070305176 | F6: =C19*20 -> 102694960 | G6: =($G$2-D6)/365 -> 36.947945
B7: CONCEJO | C7: ALVARO POVEDA POVEDA | D7: 28100 | E7: 80541286 | F7: =C19*20 -> 102694960 | G7: =($G$2-D7)/365 -> 49.654795
B8: CONCEJO | C8: DANIEL CAMILO TORRES PACHON | D8: 33433 | E8: 1075664167 | F8: =C19*20 -> 102694960 | G8: =($G$2-D8)/365 -> 35.043836
B9: CONCEJO | C9: DIANA MARCELA POVEDA MALAVER | D9: 31254 | E9: 35428919 | F9: =C19*20 -> 102694960 | G9: =($G$2-D9)/365 -> 41.013699
B10: CONCEJO | C10: ORLANDO SIERRA ZAMORA | D10: 29077 | E10: 2986770 | F10: =C19*20 -> 102694960 | G10: =($G$2-D10)/365 -> 46.978082
B11: CONCEJO | C11: LUIS HERNANDO HERNANDEZ CHOLO | D11: 24739 | E11: 2986153 | F11: =C19*20 -> 102694960 | G11: =($G$2-D11)/365 -> 58.863014
B12: CONCEJO | C12: WILSON ORLANDO GUZMAN BELTRAN | D12: 26090 | E12: 80376379 | F12: =C19*20 -> 102694960 | G12: =($G$2-D12)/365 -> 55.161644
B13: CONCEJO | C13: JHON ALEXANDER OLAYA CASTIBLANCO | D13: 30413 | E13: 80547811 | F13: =C19*20 -> 102694960 | G13: =($G$2-D13)/365 -> 43.317808
B14: CONCEJO | C14: VICTOR ORLANDO SUAREZ SANCHEZ | D14: 27331 | E14: 2986558 | F14: =C19*20 -> 102694960 | G14: =($G$2-D14)/365 -> 51.761644
B15: CONCEJO | C15: JORGE ENRIQUE SALAZAR RAMOS | D15: 26842 | E15: 11349175 | F15: =C19*20 -> 102694960 | G15: =($G$2-D15)/365 -> 53.10137
B16: CONCEJO | C16: JAVIER TIEMPOS GOMEZ | D16: 24085 | E16: 2986019 | F16: =C19*20 -> 102694960 | G16: =($G$2-D16)/365 -> 60.654795
B17: CONCEJO | C17: JORGE STID GARNICA TINJACA | D17: 28470 | E17: 2986701 | F17: =C19*20 -> 102694960 | G17: =($G$2-D17)/365 -> 48.641096
B19: SUELDO SR ALCALDE AÑO 2018 | C19: 5134748
F21: 2380000 | G21: 184
F22: =F21*G22/G21 -> 4721195.7 | G22: 365
F24: 1335034480
F26: =F22/F24*1000 -> 3.5363848
